 Dungeon Crawl Stone Soup version 0.31-a0-981-geadf994542 (webtiles) character file.

Game seed: 15381845781042393541

1482666 EnegeticOcto the Gouger (level 23, 108/108 HPs)
             Began as a Felid Chaos Knight on Oct 31, 2023.
             Was a Favourite Plaything of Xom.
             Escaped with the Orb
             ... and 3 runes!
             The game lasted 03:11:25 (77592 turns).

EnegeticOcto the Gouger (Felid Chaos Knight)       Turns: 77592, Time: 03:11:25

Health: 108/108    AC:  5    Str: 16    XL:     23   Next: 70%
Magic:  42/42      EV: 37    Int: 23    God:    Xom [......]
Gold:   2175       SH:  5    Dex: 29    Spells: 3/51 levels left
                                        Lives:  1   Deaths: 3

rFire   + +          .
                       - Unarmed
rCold   + + +        (shield unavailable)
rNeg    . . .        (body armour unavailable)
rPois   +            (helmet unavailable)
rElec   .            (cloak unavailable)
rCorr   +            (gloves unavailable)
SInv    +            (boots unavailable)
Will    +++..        P - amulet "Ipoetyoc" {Reflect Harm rF+ rC+ Dex+3 SH+5 Stlth+}
Stlth   +++          Q - ring "Wosm" {rPois rC+ Int+4}
HPRegen 1.18/turn    N - ring "Kiyw" {rCorr Int+4 Dex+5 Slay+6 Stlth-, =R}
MPRegen 0.28/turn

%: harm (+30% outgoing, +20% incoming), reflection
@: hasted, very quick
A: very small, claws 3, fangs 3, see invisible, speed 1, shaggy fur 3, stealthy
paws, no weapons or thrown items, no armour, multi-lived, antennae 1, iridescent
scales 1, fire resistance 1, mutation resistance 1, sense surroundings 1,
regeneration 1, strong 2, wild magic 2, MP-powered wands
0: Orb of Zot
}: 3/15 runes: barnacled, silver, gossamer
a: Renounce Religion


You escaped.
You worshipped Xom.
You were a very special plaything of Xom.
You visited 9 branches of the dungeon, and saw 47 of its levels.
You visited 1 bazaar.
You also visited: Wizlab.

You collected 9362 gold pieces.
You spent 7187 gold pieces at shops.

Inventory:

Jewellery
 r - a ring of flight
   (You found it on level 1 of the Lair of Beasts)
 D - a +4 ring of protection
   (You bought it in a shop on level 2 of the Orcish Mines)
 H - a ring of willpower
   (Xom gifted it to you on level 9 of the Dungeon)
 M - the ring of Omeemur {rElec rF- rC+ rN+ Str+9}
   (You bought it in a shop on level 11 of the Dungeon)

   [ring of protection from cold]

   Str+9:     It affects your strength (+9).
   rF-:       It makes you vulnerable to fire.
   rC+:       It protects you from cold.
   rElec:     It insulates you from electricity.
   rN+:       It protects you from negative energy.
 N - the ring "Kiyw" (right paw) {rCorr Int+4 Dex+5 Slay+6 Stlth-, =R}
   (You found it on level 12 of the Dungeon)

   [ring of resist corrosion]

   Int+4:     It affects your intelligence (+4).
   Dex+5:     It affects your dexterity (+5).
   Slay+6:    It affects your accuracy & damage with ranged weapons and melee
   (+6).
   rCorr:     It protects you from acid and corrosion.
   Stlth-:    It makes you less stealthy.
 O - the ring of Shadows {Umbra +Inv Stlth+}
   (You found it on level 14 of the Dungeon)

   [ring of stealth]

   Umbra:     It surrounds you with an aura of shadow, increasing your stealth
   and reducing the accuracy of all others within it.
   +Inv:      It lets you turn invisible.
   Stlth+:    It makes you more stealthy.
 P - the amulet "Ipoetyoc" (around neck) {Reflect Harm rF+ rC+ Dex+3 SH+5 Stlth+}
   (You found it on level 2 of the Shoals)

   [amulet of reflection]

   Reflect:   It reflects blocked missile attacks.
   Dex+3:     It affects your dexterity (+3).
   rF+:       It protects you from fire.
   rC+:       It protects you from cold.
   SH+5:      It affects your SH (+5).
   Harm:      It increases damage dealt and taken.
   Stlth+:    It makes you more stealthy.
 Q - the ring "Wosm" (left paw) {rPois rC+ Int+4}
   (You acquired it on level 15 of the Dungeon)

   [ring of protection from cold]

   Int+4:     It affects your intelligence (+4).
   rC+:       It protects you from cold.
   rPois:     It protects you from poison
 R - a +6 ring of dexterity
   (You found it on level 2 of the Depths)
Wands
 w - a wand of polymorph (20)
   (You found it on level 6 of the Dungeon)
 z - a wand of flame (37) {@v4}
   (You found it on level 7 of the Dungeon)
 A - a wand of roots (27) {@v2}
   (You found it on level 7 of the Dungeon)
 B - a wand of paralysis (43)
   (You found it on level 7 of the Dungeon)
 F - a wand of digging (13) {@v3}
   (You found it on level 4 of the Shoals)
 G - a wand of mindburst (31)
   (You found it on level 9 of the Dungeon)
 T - a wand of acid (6) {@v1}
   (You found it on level 4 of the Depths)
Scrolls
 a - a scroll of butterflies
 d - 28 scrolls of teleportation {@r3 !r}
 e - 3 scrolls of poison
 h - 9 scrolls of fog {!r}
 i - 10 scrolls of fear {!r}
 j - 2 scrolls of amnesia
 k - 10 scrolls of blinking {@r4}
 n - 10 scrolls of vulnerability
 y - 3 scrolls of torment
 I - a scroll of silence {!r}
 L - 5 scrolls of immolation
 S - 4 scrolls of noise
Potions
 b - 3 potions of berserk rage
 c - 12 potions of brilliance
 f - 8 potions of magic
 g - 9 potions of cancellation
 l - 12 potions of heal wounds {@q2 !q}
 m - 11 potions of curing {@q1 !q}
 o - 2 potions of resistance
 p - a potion of invisibility
 q - 8 potions of mutation
 s - 4 potions of lignification {@q6}
 t - 4 potions of haste {@q4 !q}
 u - 9 potions of ambrosia
 v - 6 potions of attraction
 x - 5 potions of might {@q3 !q}
 E - 5 potions of enlightenment
Miscellaneous
 J - a lightning rod (4/4)
   (You found it on level 4 of the Shoals)
 K - a sack of spiders (inert)
   (You found it on level 1 of the Depths)


   Skills:
 - Level 14.9 Fighting
 - Level 14.9 Dodging
 - Level 14.9 Stealth
 - Level 14.9 Unarmed Combat
 - Level 14.9 Spellcasting
 - Level 14.9 Conjurations
 - Level 14.9 Hexes
 + Level 14.8 Summonings
 - Level 14.9 Translocations
 - Level 11.0 Transmutations
 - Level 12.0 Ice Magic
 - Level 5.0 Air Magic
 - Level 14.9 Evocations
 - Level 0.3 Shapeshifting


You had 3 spell levels left.
You knew the following spells:

 Your Spells              Type           Power      Damage    Failure   Level
a - Vhi's Electric Charg  Tloc/Air       100%       N/A       2%          4
b - Manifold Assault      Tloc           95%        N/A       1%          4
c - Ozocubu's Armour      Ice            86%        N/A       1%          3
d - Summon Mana Viper     Hex/Summ       95%        N/A       1%          5
e - Hailstorm             Conj/Ice       90%        3d18      1%          3
g - Silence               Hex/Air        39%        N/A       5%          5
i - Spellforged Servitor  Conj/Summ      47%        N/A       16%         7
j - Bombard               Conj/Erth      35%        9d6       41%         6
k - Sublimation of Blood  Necr           27%        N/A       13%         2
p - Passwall              Tmut/Erth      50%        N/A       2%          2
z - Irradiate             Conj/Tmut      44%        3d26      2%          5
Y - Blink                 Tloc           100%       N/A       1%          2

Your spell library contained the following spells:

 Spells                   Type           Power      Damage    Failure   Level
 Freeze                   Ice            100%       1d10      1%          1
 Magic Dart               Conj           100%       1d8       1%          1
 Call Imp                 Summ           100%       N/A       1%          2
 Ensorcelled Hibernation  Hex/Ice        100%       N/A       1%          2
 Jinxbite                 Hex            100%       N/A       1%          2
 Dazzling Flash           Conj/Hex       100%       N/A       1%          3
 Frozen Ramparts          Ice            100%       1d16      1%          3
 Gell's Gravitas          Tloc           95%        N/A       1%          3
 Teleport Other           Tloc           95%        N/A       1%          3
 Stone Arrow              Conj/Erth      100%       3d13      2%          3
 Mephitic Cloud           Conj/Pois/Air  66%        N/A       3%          3
 Ignite Poison            Fire/Tmut/Pois 53%        N/A       7%          3
 Cigotuvi's Dreadful Rot  Necr/Pois/Air  78%        N/A       8%          2
 Necrotise                Necr           100%       1d9       10%         1
 Sandblast                Erth           54%        2d13      10%         1
 Vampiric Draining        Necr           27%        2d7       22%         3
 Cause Fear               Hex            47%        N/A       1%          4
 Passage of Golubria      Tloc           95%        N/A       1%          4
 Iskenderun's Battlesphe  Conj           95%        2d14      1%          5
 Summon Forest            Summ/Tloc      47%        N/A       1%          5
 Metabolic Englaciation   Hex/Ice        45%        N/A       2%          5
 Freezing Cloud           Conj/Ice/Air   40%        6-21      4%          5
 Dispersal                Tloc           47%        N/A       4%          6
 Summon Cactus Giant      Summ           47%        N/A       4%          6
 Anguish                  Hex/Necr       35%        N/A       5%          4
 Brom's Barrelling Bould  Conj/Erth      70%        2d8       5%          4
 Leda's Liquefaction      Hex/Erth       35%        N/A       5%          4
 Arcjolt                  Conj/Air       39%        1d49      5%          5
 Petrify                  Tmut/Erth      61%        N/A       10%         4
 Enfeeble                 Hex            47%        N/A       14%         7
 Malign Gateway           Summ/Tloc      47%        N/A       16%         7
 Summon Hydra             Summ           47%        N/A       16%         7
 Ozocubu's Refrigeration  Ice            43%        4d17      38%         7
 Animate Dead             Necr           27%        N/A       52%         4
 Simulacrum               Ice/Necr       32%        N/A       58%         6
 Agony                    Necr           27%        N/A       82%         5
 Borgnjor's Vile Clutch   Necr/Erth      13%        N/A       82%         5
 Lee's Rapid Deconstruct  Erth           13%        3d9*      82%         5
 Plasma Beam              Fire/Air       22%        2x1d34    95%         6
 Death Channel            Necr           13%        N/A       100%        6
 Lehudib's Crystal Spear  Conj/Erth      35%        10d9      100%        8
 Chain Lightning          Conj/Air       39%        3d52      100%        9
 Fire Storm               Conj/Fire      35%        8d9       100%        9
 Shatter                  Erth           13%        3d14*     100%        9


Dungeon Overview and Level Annotations

Branches:
Dungeon (15/15)            Temple (0/1) D:6            Lair (5/5) D:10
 Shoals (4/4) Lair:2       Spider (4/4) Lair:2        Slime (0/5) Lair:4
    Orc (2/2) D:10            Elf (3/3) Orc:2        Vaults (5/5) D:13
  Crypt (0/3) Vaults:3     Depths (4/4) D:15            Zot (5/5) Depths:4
 WizLab (visited)

Altars:
Ashenzari
Cheibriados
Dithmenos
Fedhas
Gozag
Hepliaklqana
Kikubaaqudgha
Nemelex Xobeh
Qazlal
Trog
Vehumet
Xom
Zin
Jiyva
Lugonu

Shops:
D:3 [?:[   D:7 :?*   D:11 *   D:15 [   Orc:2 (=[(   Elf:2 :   Vaults:2 (
Vaults:4 (   Vaults:5 ??!!?!?   Depths:2 **(:*((:   Depths:3 =

Portals:
Hell: Depths:1 Depths:2 Depths:3 Depths:4
Abyss: Lair:5 Depths:3
Pandemonium: Depths:2 Depths:4
Ziggurat: Depths:3

Annotations:
D:5 Dowan, Duvessa
D:6 exclusion: oklob plant
D:9 exclusion: gargoyle
D:10 exclusion: two-headed ogre, Fannar
Vaults:1 exclusions: deep troll and 4 more exclusions, Zenata
Vaults:4 3 runed translucent doors, exclusion: door, garrulousMonolith's ghost, veteran GnFi
Depths:4 3 runed translucent doors, exclusion: door, Joepramp's ghost, veteran DjFE
Zot:1 1 exclusion
Zot:5 1 exclusion


Innate Abilities, Weirdness & Mutations

You have sharp claws.
You have razor-sharp teeth.
You have supernaturally acute eyesight. (SInv)
You cover ground quickly. (Speed+)
Your thick and shaggy fur keeps you warm. (AC +3, rC+)
Your paws help you pounce on unaware monsters.
You are incapable of wielding weapons or throwing items.
You cannot wear armour.
You gain extra lives every three experience levels.
You have a pair of small antennae on your head.
You are partially covered in iridescent scales. (AC +2)
Your flesh is heat resistant. (rF+)
You are somewhat resistant to further mutation.
You passively map a small area around you.
Your natural rate of healing is unusually fast.
Your muscles are very strong. (Str +8, Int/Dex -2)
Your spells are harder to cast, but more powerful.
You expend magic power (3 MP) to strengthen your wands.


Message History

You climb upwards.
An Ice Fiend comes into view.
There is a stone staircase leading down here.
Unknown command.
Things that are here:
a +0 short sword; a kobold skeleton The Ice Fiend calls on the powers of darkness!
Your body is wracked with pain!
Ouch! That really hurt!
You see here a +0 flail.
A cacodemon and 2 chaos spawn come into view.
The cacodemon shouts!
The chaos spawn shouts! "Forecast: mostly cloudy."
There is a stone staircase leading up here.
You climb upwards.
There is a stone staircase leading down here.
(D) Dungeon (T) Temple (L) Lair (A) Shoals (N) Spider Nest (M) Slime Pits (O) Orcish Mines (E) Elven Halls (V) Vaults (C) Crypt (U) Depths (H) Hell (Z) Zot
Where to? (Tab/Enter - D:1 @ (x,y), ? - help)
There is an escape hatch in the ceiling here.
Really go through this one-way escape hatch? [Y]es or [N]o only, please.
Really go through this one-way escape hatch?
A mysterious force pulls you upwards. The hatch slams shut behind you.
Level annotation: exclusion: oklob plant
(D) Dungeon (T) Temple (L) Lair (A) Shoals (N) Spider Nest (M) Slime Pits (O) Orcish Mines (E) Elven Halls (V) Vaults (C) Crypt (U) Depths (H) Hell (Z) Zot
Where to? (Tab/Enter - D:1 @ (x,y), ? - help)
A cacodemon, a sixfirhy and an orange demon come into view.
The cacodemon moves out of view.
The sixfirhy moves out of view.
Really quaff
t - 6 potions of haste {@q4 !q}?
You feel yourself speed up.
The orange demon stings you but does no damage.
Some rock shatters into small pieces.
Aiming: Dig
Press: ? - help, Shift-Dir - straight line This square is covered in magical glow.
You feel a surge of power!
The rock shatters into small pieces.
(D) Dungeon (T) Temple (L) Lair (A) Shoals (N) Spider Nest (M) Slime Pits (O) Orcish Mines (E) Elven Halls (V) Vaults (C) Crypt (U) Depths (H) Hell (Z) Zot
Where to? (Tab/Enter - D:1 @ (x,y), ? - help)
What level of the Dungeon? (default 1, ? - help)
There is a stone staircase leading up here.
You hear a grinding noise.
You climb upwards.
Level annotation: Dowan, Duvessa
There is a stone staircase leading down here.
There is an open gate here.
Your extra speed is starting to run out.
There is a stone staircase leading up here.
Magic restored.
You climb upwards.
There is a stone staircase leading down here.
You feel yourself slow down.
There is a stone staircase leading up, spattered with blood here.
You climb upwards.
There is a stone staircase leading down here.
HP restored.
A Tzitzimitl comes into view.
Unknown command.
Blink to where?
Press: ? - help, Dir - move target
As you read the scroll of blinking {@r4}, it crumbles to dust.
The Tzitzimitl moves out of view.
Really quaff
t - 5 potions of haste {@q4 !q}?
You feel yourself speed up.
(D) Dungeon (T) Temple (L) Lair (A) Shoals (N) Spider Nest (M) Slime Pits (O) Orcish Mines (E) Elven Halls (V) Vaults (C) Crypt (U) Depths (H) Hell (Z) Zot
Where to? (Tab/Enter - D:1, ? - help)
There is a stone staircase leading up here.
You climb upwards.
There is a stone staircase leading down here.
A lorocyproca comes into view.
There is a stone staircase leading up here.
You climb upwards.
There is a stone staircase leading down here.
(D) Dungeon (T) Temple (L) Lair (A) Shoals (N) Spider Nest (M) Slime Pits (O) Orcish Mines (E) Elven Halls (V) Vaults (C) Crypt (U) Depths (H) Hell (Z) Zot
Where to? (Tab/Enter - D:1, ? - help) You're already here!
There is an open door here.
A chaos spawn comes into view.
There is an open door here.
You mangle the chaos spawn!!
You kill the chaos spawn!
The chaos spawn degenerates into a cloud of primal chaos!
Really walk into that cloud of seething chaos?
Okay, then.
There is a staircase leading out of the dungeon here.
You have escaped!

##..............
#..............#
#########..(.........
###.......#...........#
####.+.>.>.>.'...........#
##....#.......#....[......#
##.....#########...........#
#......#.......#.........#.#
#......'...@...'.........#..
#......#.......##......#....
#......##########...........
#............# #.....#######
##...........###.##### #
##..##......#.##..#
#...##......#.#####
#.##........#.# #####
#.##........#.# #...#


There were no monsters in sight!

Vanquished Creatures
  A dread lich (Vaults:5)
  A juggernaut (Depths:3)
  Sojobo (Vaults:5)
  Margery (Vaults:5)
  2 caustic shrikes (Depths:1)
  Saint Roka (Depths:1)
  Xtahua (Vaults:2)
  A golden dragon (Depths:4)
  2 bone dragons
  Arachne (Spider:4)
  Rupert (D:14)
  8 tentacled monstrosities
  3 deep elf blademasters
  A lich (Depths:4)
  2 deep elf master archers (Elf:3)
  5 titans
  3 quicksilver dragons
  6 sphinxes
  A kraken (Shoals:1)
  Agnes (D:14)
  4 death cobs
  Polyphemus (Shoals:2)
  The ghost of Mihuozyi the Tortoise, an adept MiBe of Trog (Depths:2)
  10 shadow dragons
  11 tengu reavers
  6 storm dragons
  Aizul (Spider:2)
  Kirke (Spider:4)
  A draconian monk (Zot:1)
  6 frost giants
  A draconian knight (Zot:5)
  8 emperor scorpions
  The ghost of Jema the Devastator, an adept HuCj of Sif Muna (Shoals:2)
  5 fire giants
  4 deep elf sorcerers
  10 vault wardens
  2 iron dragons (Vaults:5)
  A draconian stormcaller (Zot:1)
  2 deep elf elementalists (Elf:3)
  A draconian shifter (Depths:4)
  2 orc warlords
  6 ghost moths
  A formless jellyfish (Vaults:2)
  17 very ugly things
  A spriggan defender (Depths:3)
  3 draconian annihilators (Zot:1)
  5 war gargoyles
  5 ironbound thunderhulks
  A quicksilver ooze (Spider:1)
  10 green draconians
  11 stone giants
  16 ironbound preservers
  3 black draconians
  4 white draconians
  2 vampire knights
  8 deep elf annihilators
  4 deep elf demonologists (Elf:3)
  2 purple draconians
  6 dire elephants
  11 spark wasps
  12 ettins
  4 eidola (Vaults:4)
  7 deep elf death magi
  2 crystal guardians (Vaults:3)
  7 fire dragons
  2 merfolk javelineers (Shoals:4)
  Josephine (D:14)
  7 deep elf high priests
  11 merfolk impalers
  3 entropy weavers
  6 yaktaur captains
  4 hydras
  2 great orbs of eyes (Vaults:2)
  10 ice dragons
  2 rakshasas
  A hell beast (Depths:4)
  A jorogumo (Spider:3)
  4 merfolk avatars
  5 catoblepae
  5 peacekeepers
  2 ogre magi (Vaults:5)
  4 spriggan air magi
  33 vault guards
  3 two-headed ogres
  An anaconda (shapeshifter) (Vaults:5)
  6 centaur warriors
  A radroach (Spider:2)
  3 alligator snapping turtles
  9 ironbound frosthearts
  28 dancing weapons
  3 boulder beetles
  An orc high priest (Orc:1)
  8 merfolk aquamancers
  2 occultists
  3 satyrs
  6 deep troll shamans
  5 death yaks
  A hell hog (Depths:1)
  6 deep troll earth magi
  7 tengu warriors
  2 vampire magi
  A soul eater (Depths:1)
  3 thrashing horrors (Lair:5)
  16 hell knights
  5 spriggan berserkers (Depths:2)
  17 deep elf knights
  A demonic crawler (Spider:1)
  6 pharaoh ants
  2 skysharks
  4 iron trolls
  A sixfirhy (Depths:2)
  43 deep trolls
  4 sun moths
  4 flayed ghosts
  Lodul (D:14)
  2 glowing orange brains
  10 orb spiders
  10 sea snakes
  8 arcanists
  6 steelbarb worms
  A shadow demon (D:15)
  10 deep elf archers
  An obsidian statue (Depths:2)
  12 ironbound convokers
  2 phantasmal warriors
  7 lindwurms
  4 necromancers
  32 deep elf zephyrmancers
  32 harpies
  32 deep elf pyromancers
  6 manticores
  5 orc sorcerers
  10 wolf spiders
  11 orc knights
  4 fauns (Shoals:2)
  33 ugly things
  10 cyclopes
  9 moths of wrath
  27 elephants
  A guardian serpent (D:13)
  A rust devil (D:9)
  5 merfolk sirens
  19 vault sentinels
  An elf zombie (Vaults:2)
  7 black mambas
  11 water nymphs
  5 smoke demons
  3 gargoyles
  16 cane toads
  3 unseen horrors
  7 torpor snails
  2 efreet (D:15)
  7 komodo dragons
  2 rime drakes
  19 yaktaurs
  3 tengu conjurers
  3 freezing wraiths
  A kobold demonologist (D:11)
  4 polar bears
  22 merfolk
  4 trolls
  A hellwing (D:15)
  A hornet (shapeshifter) (Elf:2)
  3 meliai (Spider:1)
  29 tarantellas
  11 wind drakes
  A troll (shapeshifter) (D:14)
  A glass eye (Depths:2)
  3 hornets (Depths:2)
  21 blink frogs
  A snapping turtle (shapeshifter) (D:15)
  2 raiju (Lair:5)
  6 dream sheep
  22 jumping spiders
  6 snapping turtles
  5 spriggans
  39 slime creatures
  5 wraiths (D:14)
  15 culicivoras
  A shadow (D:11)
  An elf simulacrum (Vaults:2)
  2 ynoxinuls (Lair:5)
  13 air elementals
  29 water elementals
  22 yaks
  4 wyverns
  15 humans (D:13)
  2 fire elementals
  6 basilisks
  2 hogs (Spider:4)
  62 redbacks
  2 steam dragons
  15 vampire mosquitoes (D:12)
  A large abomination (Lair:5)
  A chaos spawn (D:1)
  2 wargs
  Menkaure (D:5)
  2 acid dragons
  14 water moccasins
  36 orc warriors
  6 black bears
  An ice beast (D:6)
  3 sky beasts
  7 boggarts (Vaults:1)
  13 ogres
  20 wolves
  11 small abominations (Lair:5)
  14 centaurs
  2 kobold brigands
  A human zombie (Vaults:2)
  A gnoll sergeant (D:9)
  11 bullfrogs
  6 earth elementals
  24 killer bees
  An electric eel (Lair:1)
  2 howler monkeys
  Crazy Yiuf (D:4)
  4 jellies
  5 iguanas
  13 orc priests
  3 gnoll boudas
  A sleepcap (D:5)
  20 orc wizards
  18 gnolls
  7 adders
  A shadow imp (D:5)
  2 ufetubi (D:6)
  2 worms
  2 dart slugs (D:2)
  58 orcs
  4 ball pythons
  6 endoplasms
  A giant cockroach (D:4)
  8 goblins
  7 hobgoblins
  3 jackals (D:2)
  22 kobolds
  2 quokkas
  A bat (D:1)
  2 frilled lizards
  6 rats
  A spectral hobgoblin (D:1)
  3 tentacles (Shoals:1)
1737 creatures vanquished.

Vanquished Creatures (collateral kills)
  Nikola (Shoals:2)
  A draconian shifter (Zot:5)
  A deep elf demonologist (Elf:3)
  2 merfolk impalers (Shoals:2)
  A hell knight (Vaults:5)
  A sea snake (Shoals:2)
  A deep troll (Depths:3)
  2 harpies (Shoals:2)
  An elephant (Lair:5)
  A yaktaur (Vaults:5)
  2 merfolk (Shoals:2)
  A dream sheep (Shoals:2)
  A water elemental (Shoals:2)
  A human (D:13)
  2 black bears (D:6)
  An ogre (D:5)
  A gnoll sergeant (D:6)
  2 jellies (D:6)
  A sleepcap (D:6)
  A gnoll (D:6)
  A shadow imp (D:6)
  An orc (D:6)
27 creatures vanquished.

Vanquished Creatures (others)
  A fire giant (Vaults:5)
  3 dancing weapons
  2 blink frogs (Lair:2)
  A slime creature (Vaults:2)
  A small abomination (Lair:5)
  A human (Spider:4)
  15 tentacles (Shoals:1)
24 creatures vanquished.

Grand Total: 1788 creatures vanquished

Notes
Turn   | Place    | Note
-------+----------+-------------------------------------------
     0 | D:1      | EnegeticOcto the Felid Chaos Knight began the quest for the
                  | Orb.
     0 | D:1      | Reached XP level 1. HP: 10/10 MP: 2/2
    12 | D:1      | XOM: divination: detect creatures
    86 | D:1      | Found a faded altar of an unknown god.
   102 | D:1      | Reached skill level 1 in Stealth
   209 | D:1      | XOM: butterfly on damage
   233 | D:1      | Reached skill level 2 in Stealth
   442 | D:1      | Reached XP level 2. HP: 14/14 MP: 3/3
   485 | D:1      | Reached skill level 3 in Stealth
   487 | D:1      | Learned a level 1 spell: Freeze
   635 | D:1      | XOM: silly message
   919 | D:2      | XOM: 2-stop teleportation journey
  1243 | D:2      | Reached skill level 1 in Ice Magic
  1243 | D:2      | Reached XP level 3. HP: 17/17 MP: 5/5
  1344 | D:2      | Reached skill level 1 in Spellcasting
  1509 | D:2      | XOM: cloud trail
  1691 | D:2      | XOM is BORED!
  1804 | D:3      | Found Zatem's Book Emporium.
  1972 | D:3      | Found Nyeck's Distillery.
  1977 | D:3      | Bought a potion of curing for 39 gold pieces
  1977 | D:3      | Bought a potion of heal wounds for 65 gold pieces
  2047 | D:3      | Bought a potion of lignification for 39 gold pieces
  2051 | D:3      | Learned a level 3 spell: Frozen Ramparts
  2079 | D:3      | Found a shimmering altar of Xom.
  2110 | D:3      | Found Opnaps's Armour Shoppe.
  2291 | D:3      | Found Heappaupt's Magic Scroll Shop.
  2519 | D:3      | Bought a scroll of identify for 22 gold pieces
  2713 | D:3      | Found Imile's Armour Shop.
  2739 | D:3      | Reached XP level 4. HP: 21/21 MP: 6/6
  2930 | D:4      | Reached skill level 4 in Dodging
  3090 | D:4      | Reached skill level 2 in Ice Magic
  3368 | D:4      | XOM: 9-stop teleportation journey
  3525 | D:4      | XOM: enchant monster (bad)
  3532 | D:4      | Reached XP level 5. HP: 19/24 MP: 0/7
  3672 | D:4      | Reached skill level 5 in Dodging
  3975 | D:4      | Noticed an ogre
  4022 | D:4      | XOM is BORED!
  4022 | D:4      | XOM: give mutations
  4022 | D:4      | Gained mutation: Your spells are a little easier to cast,
                  | but a little less powerful. [Xom's mischief]
  4022 | D:4      | Gained mutation: You are resistant to electric shocks.
                  | (rElec) [Xom's mischief]
  4022 | D:4      | Lost mutation: Your spells are a little easier to cast, but
                  | a little less powerful. [Xom's mischief]
  4125 | D:3      | XOM: give mutation
  4125 | D:3      | Gained mutation: You passively map a small area around you.
                  | [Xom's mischief]
  4181 | D:3      | Bought a scroll of fear for 44 gold pieces
  4221 | D:3      | XOM: noise
  4772 | D:4      | Reached skill level 3 in Ice Magic
  5292 | D:5      | Entered Level 5 of the Dungeon
  5307 | D:5      | Noticed an ice beast
  5422 | D:5      | Noticed a black bear
  5446 | D:5      | Noticed an ogre
  5464 | D:5      | XOM: god gift: murky green potion {god gift}
  5486 | D:5      | Gained mutation: You are covered in thick fur. (AC +2)
                  | [Felid growth]
  5486 | D:5      | Reached XP level 6. HP: 28/28 MP: 2/9
  5545 | D:5      | Found a snail-covered altar of Cheibriados.
  5587 | D:5      | Noticed Menkaure
  5601 | D:5      | XOM: give mutations
  5601 | D:5      | Gained mutation: You are strong-willed. (Will+) [Xom's
                  | grace]
  5601 | D:5      | Gained mutation: You expend magic power (3 MP) to
                  | strengthen your wands. [Xom's grace]
  5617 | D:5      | Reached skill level 2 in Spellcasting
  5746 | D:5      | XOM: summons 4 friendly demons
  5751 | D:5      | Reached skill level 4 in Ice Magic
  5862 | D:5      | Found a stormy altar of Qazlal.
  5881 | D:5      | XOM: 9-stop teleportation journey
  6126 | D:5      | Learned a level 3 spell: Hailstorm
  6260 | D:6      | Found a sparkling altar of Nemelex Xobeh.
  6362 | D:6      | XOM: summons 1 hostile demon
  6413 | D:6      | Reached skill level 5 in Ice Magic
  6484 | D:3      | XOM: give mutations
  6484 | D:3      | Gained mutation: You are agile. (Dex +4, Str/Int -1) [Xom's
                  | mischief]
  6484 | D:3      | Gained mutation: You have hidden genetic potential. [Xom's
                  | mischief]
  6494 | D:3      | Bought a potion of lignification for 39 gold pieces
  6546 | D:3      | Bought a scroll of poison for 44 gold pieces
  6622 | D:4      | an ogre changed into a steam dragon
  6622 | D:4      | Noticed a steam dragon
  6622 | D:4      | XOM: polymorph ogre -> steam dragon
  6628 | D:4      | Killed a steam dragon
  6629 | D:4      | Reached XP level 7. HP: 30/31 MP: 2/11
  6793 | D:4      | Found a runed translucent door.
  6794 | D:4      | Noticed Crazy Yiuf
  6957 | D:4      | XOM: scenery: summon butterflies
  7380 | D:4      | Killed Crazy Yiuf
  7488 | D:4      | XOM: god gift: scroll of amnesia
  7514 | D:5      | Noticed Duvessa
  7514 | D:5      | Noticed Dowan
  7514 | D:5      | XOM: cleaving
  7515 | D:5      | XOM: summons friendly shadow imp
  7723 | D:6      | XOM: summons friendly shadow imp
  7729 | D:6      | XOM: give mutation
  7729 | D:6      | Gained mutation: Your thick and shaggy fur keeps you warm.
                  | (AC +3, rC+) [Xom's grace]
  7740 | D:6      | Reached skill level 1 in Conjurations
  7768 | D:6      | Reached skill level 6 in Ice Magic
  7785 | D:6      | Gained mutation: You have very sharp fingernails. [hidden
                  | potential]
  7794 | D:6      | Reached skill level 2 in Conjurations
  7804 | D:6      | Found a bloodstained altar of Trog.
  7896 | D:6      | Reached XP level 8. HP: 34/34 MP: 12/12
  7896 | D:6      | XOM: scenery: summon butterflies
  7909 | D:6      | XOM: summons 1 hostile demon
  7954 | D:6      | XOM: 1-stop teleportation journey
  8079 | D:6      | Reached skill level 7 in Ice Magic
  8478 | D:6      | XOM: cloud trail
  8496 | D:6      | XOM: fog
  8512 | D:6      | Reached skill level 1 in Evocations
  8631 | D:6      | Found a staircase to the Ecumenical Temple.
  8649 | D:6      | Found a blossoming altar of Fedhas.
  8692 | D:6      | Gained mutation: You have a somewhat thin skeletal
                  | structure. (Dex +2, Stealth+) [hidden potential]
  8692 | D:6      | Lost mutation: You have hidden genetic potential. [hidden
                  | potential expressed]
  8787 | D:6      | Noticed an oklob plant
  9179 | D:7      | Found a radiant altar of Vehumet.
  9190 | D:7      | Reached skill level 4 in Stealth
  9383 | D:3      | Bought a scroll of teleportation for 33 gold pieces
  9383 | D:3      | Bought a scroll of fear for 44 gold pieces
  9728 | D:5      | Killed Menkaure
  9729 | D:5      | Reached skill level 3 in Spellcasting
  9729 | D:5      | Reached skill level 3 in Conjurations
  9729 | D:5      | Reached skill level 2 in Evocations
  9928 | D:5      | Reached skill level 4 in Unarmed Combat
 10084 | D:5      | XOM: stat loss: -1 Dex (22/23)
 10327 | D:5      | XOM: summons 5 hostile demons
 10519 | D:7      | Found Doorphev's Overcharged Wands.
 10529 | D:6      | XOM: repel stairs
 10648 | D:7      | Reached skill level 5 in Stealth
 10654 | D:7      | XOM: confusion
 10668 | D:7      | Reached skill level 3 in Evocations
 10889 | D:7      | Reached XP level 9. HP: 37/37 MP: 8/15
 11203 | D:7      | Found Vaeseng's Magic Scroll Boutique.
 11258 | D:7      | Found Opemus's Book Boutique.
 11577 | D:8      | XOM: summons 5 hostile demons
 11578 | D:8      | Noticed a smoke demon
 11578 | D:8      | Noticed a smoke demon
 11583 | D:8      | XOM: butterfly on damage
 11584 | D:8      | HP: 1/37 [smoke demon[Xom] (2)]
 11584 | D:8      | Slain by an iron imp
 11585 | D:8      | Found a shadowy altar of Dithmenos.
 11590 | D:8      | Found a broken altar of Ashenzari.
 11761 | D:8      | XOM: 7-stop teleportation journey
 11977 | D:8      | Reached skill level 5 in Unarmed Combat
 11977 | D:8      | Reached skill level 4 in Spellcasting
 11977 | D:8      | Reached skill level 4 in Conjurations
 12014 | D:8      | Reached skill level 4 in Evocations
 12020 | D:8      | XOM is BORED!
 12020 | D:8      | XOM: give mutations
 12020 | D:8      | Lost mutation: You are strong-willed. (Will+) [Xom's
                  | mischief]
 12020 | D:8      | Gained mutation: You are strong-willed. (Will+) [Xom's
                  | mischief]
 12020 | D:8      | Gained mutation: You are robust. (+10% HP) [Xom's mischief]
 12039 | D:8      | Identified a scroll of acquirement
 12039 | D:8      | Identified the of Myf Wyseugh (You acquired it on level 8
                  | of the Dungeon)
 12039 | D:8      | Acquired 1038 gold pieces
 12063 | D:8      | Reached skill level 5 in Spellcasting
 12202 | D:8      | XOM: god gift: 31 gold pieces
 12217 | D:8      | XOM: god gift: scroll labelled CAKLUUPHEUZ {god gift}
 12218 | D:8      | XOM: cloud trail
 12347 | D:8      | XOM: 3-stop teleportation journey
 12351 | D:8      | XOM: 2-stop teleportation journey
 12470 | D:8      | XOM: divination: magic mapping
 12499 | D:8      | XOM: scenery: create altars
 12517 | D:8      | Reached skill level 6 in Dodging
 12589 | D:8      | XOM: scenery: create altars
 12682 | D:7      | Bought a scroll of acquirement for 624 gold pieces
 12682 | D:7      | Acquired 539 gold pieces
 12684 | D:7      | Bought a scroll of teleportation for 36 gold pieces
 12684 | D:7      | Bought a scroll of fear for 48 gold pieces
 12684 | D:7      | Bought a scroll of revelation for 90 gold pieces
 12792 | D:4      | XOM: god gift: 42 gold pieces
 12842 | D:3      | Bought Ozocubu's Autobiography for 336 gold pieces
 12846 | D:3      | Learned a level 3 spell: Ozocubu's Armour
 12917 | D:3      | Bought a scroll of fear for 44 gold pieces
 12917 | D:3      | Bought a scroll of poison for 44 gold pieces
 12969 | D:3      | Bought a potion of haste for 130 gold pieces
 12969 | D:3      | Bought a potion of haste for 130 gold pieces
 12969 | D:3      | Bought a potion of invisibility for 104 gold pieces
 12969 | D:3      | Bought a potion of brilliance for 52 gold pieces
 12969 | D:3      | Bought a potion of enlightenment for 65 gold pieces
 13009 | D:6      | XOM: scenery: create altars
 13063 | D:8      | XOM: give mutations
 13063 | D:8      | Gained mutation: Your mind is acute. (Int +4, Str/Dex -1)
                  | [Xom's grace]
 13063 | D:8      | Gained mutation: Your mind is very acute. (Int +8, Str/Dex
                  | -2) [Xom's grace]
 13309 | D:9      | Noticed a two-headed ogre
 13316 | D:8      | XOM: scenery: summon butterflies
 13380 | D:9      | XOM: summons 3 friendly demons
 13387 | D:9      | Killed a two-headed ogre
 13388 | D:9      | Reached skill level 4 in Fighting
 13388 | D:9      | Reached skill level 6 in Unarmed Combat
 13389 | D:9      | Reached XP level 10. HP: 47/47 MP: 5/18
 13562 | D:9      | Reached skill level 7 in Dodging
 13727 | D:9      | XOM: 4-stop teleportation journey
 13889 | D:9      | XOM: god gift: knobbly bone ring {god gift}
 13946 | D:9      | XOM: god gift: 35 gold pieces
 13954 | D:9      | XOM: cleaving
 13966 | D:9      | XOM: 6-stop teleportation journey
 14030 | D:9      | XOM: divination: detect creatures
 14063 | D:9      | Reached skill level 5 in Fighting
 14141 | D:9      | XOM: divination: detect creatures
 14143 | D:9      | XOM: summons friendly white imp
 14228 | D:9      | Reached skill level 8 in Dodging
 14344 | D:9      | XOM: divination: detect items
 14532 | D:9      | Reached skill level 8 in Ice Magic
 14585 | D:9      | Found a hazy altar of Hepliaklqana.
 14585 | D:9      | Noticed a gargoyle
 14674 | D:9      | Reached skill level 7 in Unarmed Combat
 14757 | D:9      | XOM: draining
 14879 | D:10     | Entered Level 10 of the Dungeon
 14879 | D:10     | Found a staircase to the Orcish Mines.
 14898 | D:10     | XOM: silly message
 14983 | D:10     | Noticed Fannar
 15030 | D:10     | XOM: divination: detect items
 15034 | D:10     | XOM: silly message
 15038 | D:10     | Reached skill level 9 in Dodging
 15084 | D:10     | XOM: potion effect (haste)
 15088 | D:10     | XOM: potion effect (heal wounds)
 15089 | D:10     | XOM: potion effect (experience)
 15089 | D:10     | Reached skill level 9 in Spellcasting
 15089 | D:10     | Reached XP level 11. HP: 51/51 MP: 7/25
 15100 | D:10     | XOM: cast spell 'Chain of Chaos'
 15159 | D:10     | Found a staircase to the Lair.
 15159 | D:10     | Noticed a two-headed ogre
 15159 | D:10     | XOM: 8-stop teleportation journey
 15402 | D:10     | XOM: give mutations
 15402 | D:10     | Gained mutation: Your body sometimes deteriorates upon
                  | taking damage. [Xom's mischief]
 15402 | D:10     | Lost mutation: You have very sharp fingernails. [Xom's
                  | mischief]
 15402 | D:10     | Lost mutation: Your mind is very acute. (Int +8, Str/Dex
                  | -2) [Xom's mischief]
 15627 | D:10     | XOM: noise
 15698 | D:10     | Found an ancient bone altar of Kikubaaqudgha.
 15781 | Lair:1   | Entered Level 1 of the Lair of Beasts
 15789 | Lair:1   | XOM: fog
 15793 | Lair:1   | Reached skill level 8 in Unarmed Combat
 15794 | Lair:1   | Mutation became permanent: You are covered in thick fur.
                  | (AC +2) [Felid growth]
 15794 | Lair:1   | Gained mutation: Your thick and shaggy fur keeps you warm.
                  | (AC +3, rC+) [Felid growth]
 15794 | Lair:1   | Reached XP level 12. HP: 53/56 MP: 19/26
 16106 | Lair:1   | XOM: god gift: 25 gold pieces
 16424 | Lair:1   | Reached skill level 6 in Stealth
 16657 | Lair:1   | XOM: butterfly on damage
 16658 | Lair:1   | XOM: summons friendly quasit
 16876 | Lair:1   | Noticed a death yak
 16876 | Lair:1   | Noticed a death yak
 16876 | Lair:1   | Noticed a death yak
 16882 | Lair:1   | Reached skill level 10 in Dodging
 16884 | Lair:1   | Killed a death yak
 16885 | Lair:1   | Reached skill level 9 in Ice Magic
 16885 | Lair:1   | Reached skill level 5 in Evocations
 16888 | Lair:1   | Killed a death yak
 16889 | Lair:1   | Killed a death yak
 16958 | Lair:1   | XOM: give mutations
 16958 | Lair:1   | Gained mutation: You passively map the area around you.
                  | [Xom's grace]
 16958 | Lair:1   | Gained mutation: You have a pair of small horns on your
                  | head. [Xom's grace]
 16958 | Lair:1   | Gained mutation: You have very sharp fingernails. [Xom's
                  | grace]
 16958 | Lair:1   | Gained mutation: You are partially covered in iridescent
                  | scales. (AC +2) [Xom's grace]
 17236 | Lair:2   | Reached skill level 6 in Fighting
 17237 | Lair:2   | Reached skill level 7 in Stealth
 17293 | Lair:2   | XOM is BORED!
 17293 | Lair:2   | XOM: 1-stop teleportation journey
 17353 | Lair:2   | Found a hole to the Spider Nest.
 17371 | Lair:2   | XOM: confuse monster(s)
 17436 | Lair:2   | XOM: destruction
 17451 | Lair:2   | XOM: potion effect (magic)
 17518 | Lair:2   | Reached skill level 6 in Evocations
 17548 | Lair:2   | XOM: summons 2 friendly demons
 17554 | Lair:2   | Reached skill level 8 in Stealth
 17561 | Lair:2   | Reached skill level 9 in Unarmed Combat
 17618 | Lair:2   | XOM: god gift: scroll of teleportation
 17787 | Lair:2   | Found a staircase to the Shoals.
 17892 | Lair:2   | XOM: cleaving
 17910 | Lair:2   | Reached skill level 11 in Dodging
 17911 | Lair:2   | XOM: cleaving
 17915 | Lair:2   | XOM: enchant monster (good)
 18029 | Lair:2   | XOM: give mutation
 18029 | Lair:2   | Gained mutation: You are very agile. (Dex +8, Str/Int -2)
                  | [Xom's grace]
 18062 | Lair:2   | XOM: cloud trail
 18110 | Lair:2   | XOM: give mutations
 18110 | Lair:2   | Gained mutation: Your spells are a little harder to cast,
                  | but a little more powerful. [Xom's grace]
 18110 | Lair:2   | Gained mutation: Your muscles are strong. (Str +4, Int/Dex
                  | -1) [Xom's grace]
 18110 | Lair:2   | Gained mutation: Your spells are harder to cast, but more
                  | powerful. [Xom's grace]
 18232 | Lair:2   | XOM: scenery: create altars
 18233 | Lair:2   | XOM: confuse monster(s)
 18242 | Lair:2   | Reached skill level 7 in Fighting
 18242 | Lair:2   | Reached XP level 13. HP: 42/62 MP: 3/27
 18725 | Lair:3   | XOM: god gift: book of Alchemy
 18912 | Lair:3   | XOM: chaos cloud
 18921 | Lair:3   | XOM: polymorph komodo dragon -> redback
 19161 | Lair:3   | XOM: scenery: create altars
 19273 | Lair:3   | XOM: 4-stop teleportation journey
 19321 | Lair:3   | XOM: 9-stop teleportation journey
 19417 | Lair:3   | Reached skill level 9 in Stealth
 19881 | Lair:4   | Identified the +3 robe of True Grit {+Inv rN+ Archmagi}
 19966 | Lair:4   | Reached skill level 7 in Evocations
 20338 | Lair:4   | XOM: summons friendly crimson imp
 20454 | Lair:4   | Reached skill level 10 in Ice Magic
 20522 | Lair:4   | XOM: 3-stop teleportation journey
 20550 | Lair:4   | XOM: noise
 20552 | Lair:4   | XOM: confusion
 20558 | Lair:4   | XOM: polymorph elephant -> water nymph
 20560 | Lair:4   | XOM: confuse monster(s)
 20678 | Lair:4   | Found a staircase to the Slime Pits.
 20697 | Lair:4   | Noticed a dire elephant
 20704 | Lair:4   | XOM: chaos cloud
 20707 | Lair:4   | XOM: blink monster(s)
 20720 | Lair:4   | Killed a dire elephant
 20721 | Lair:4   | Reached skill level 12 in Dodging
 20724 | Lair:4   | XOM: summons 7 hostile demons
 20736 | Lair:4   | XOM: polymorph ufetubus -> white imp
 20760 | Lair:4   | XOM: 1-stop teleportation journey
 20779 | Lair:4   | XOM: swap monsters
 20780 | Lair:4   | XOM: scenery: summon butterflies
 20784 | Lair:4   | XOM: cast spell 'Summon Small Mammal'
 20803 | Lair:4   | XOM: polymorph butterfly -> dart slug
 20806 | Lair:4   | XOM: swap monsters
 20813 | Lair:4   | Reached skill level 10 in Stealth
 20815 | Lair:4   | XOM: smoke on damage
 20818 | Lair:4   | XOM: scenery: create altars
 20830 | Lair:4   | Reached skill level 10 in Unarmed Combat
 20833 | Lair:4   | Reached skill level 8 in Fighting
 20857 | Lair:4   | XOM: fog
 21091 | Lair:4   | XOM: summons 4 hostile shadow creatures
 21147 | Lair:4   | XOM: noise
 21155 | Lair:4   | XOM: cast spell 'Summon Small Mammal'
 21290 | Lair:3   | Reached skill level 8 in Evocations
 21571 | Lair:4   | XOM: confusion (+ monsters)
 21577 | Lair:4   | XOM: silly message
 21702 | Lair:5   | Entered Level 5 of the Lair of Beasts
 21707 | Lair:5   | XOM: potion effect (brilliance)
 21971 | Lair:5   | XOM: cast spell 'Summon Small Mammal'
 21986 | Lair:5   | XOM: potion effect (attraction)
 22258 | Lair:5   | XOM: potion effect (invisibility)
 22265 | Lair:5   | Reached XP level 14. HP: 69/69 MP: 12/28
 22275 | Lair:5   | XOM: confuse monster(s)
 22581 | Lair:5   | XOM: cleaving
 22585 | Lair:5   | XOM: summons 13 friendly demons
 22604 | Lair:5   | XOM: summons friendly white imp
 22845 | Lair:5   | Reached skill level 13 in Dodging
 22970 | Lair:5   | XOM: scenery: create altars
 23047 | Lair:5   | XOM: god gift: hand axe {god gift}
 23155 | Orc:1    | Entered Level 1 of the Orcish Mines
 23220 | Orc:1    | XOM: god gift: 33 gold pieces
 23254 | Orc:1    | XOM: god gift: 3 boomerangs
 23462 | Orc:1    | XOM: divination: detect creatures
 23887 | Orc:1    | XOM: 1-stop teleportation journey
 23979 | Orc:2    | Entered Level 2 of the Orcish Mines
 23982 | Orc:2    | Noticed Nessos
 24001 | Orc:2    | Nessos changed into Nessos the unseen horror
 24001 | Orc:2    | Noticed Nessos
 24017 | Orc:2    | Killed Nessos the unseen horror
 24355 | Orc:2    | XOM: give mutation
 24355 | Orc:2    | Lost mutation: You are very agile. (Dex +8, Str/Int -2)
                  | [Xom's mischief]
 24391 | Orc:1    | Reached skill level 9 in Fighting
 24410 | Orc:1    | XOM: summons 1 hostile shadow creature
 24577 | Orc:2    | XOM: draining
 24653 | Orc:2    | XOM: summons 6 hostile demons
 24657 | Orc:2    | Reached skill level 9 in Evocations
 24884 | Orc:2    | XOM: 3-stop teleportation journey
 24906 | Orc:2    | XOM: noise
 24960 | Orc:2    | XOM: summons 8 hostile demons
 24961 | Orc:2    | XOM: summons 8 hostile demons
 24968 | Orc:2    | Reached skill level 11 in Ice Magic
 24974 | Orc:2    | XOM: swap monsters
 25047 | Orc:2    | XOM: enchant monster (good)
 25161 | Orc:2    | Reached skill level 11 in Unarmed Combat
 25384 | Orc:2    | Found a staircase to the Elven Halls.
 25496 | Orc:2    | Found Moabbaez's Armour Shop.
 25496 | Orc:2    | Found Tonuhec's Jewellery Emporium.
 25498 | Orc:2    | Found Wugam's Antique Weapon Shoppe.
 25500 | Orc:2    | Found Voddamywi's Weapon Boutique.
 25752 | Orc:2    | Bought a +4 ring of protection for 432 gold pieces
 25872 | D:11     | You fall into a shaft and drop 1 floor!
 25877 | D:12     | XOM: summons 2 hostile demons
 25950 | D:11     | XOM: butterfly on damage
 25954 | D:11     | XOM: summons friendly iron imp
 26135 | D:11     | Found Xeuntufo's Assorted Antiques.
 26145 | D:11     | Bought a coiled amber ring for 140 gold pieces
 26145 | D:11     | Identified the ring of Omeemur {rElec rF- rC+ rN+ Str+9}
                  | (You bought it in a shop on level 11 of the Dungeon)
 26162 | D:11     | XOM: 1-stop teleportation journey
 26191 | D:11     | Found a hazy altar of Hepliaklqana.
 26193 | D:11     | Found a glowing silver altar of Zin.
 26193 | D:11     | Found a blossoming altar of Fedhas.
 26195 | D:11     | Found a broken altar of Ashenzari.
 26195 | D:11     | Found a glowing silver altar of Zin.
 26195 | D:11     | Found a shimmering altar of Xom.
 26749 | D:12     | XOM: 3-stop teleportation journey
 26755 | D:12     | XOM: enchant monster (good)
 26773 | D:12     | XOM: fog
 26902 | D:12     | XOM: summons friendly iron imp
 27075 | D:12     | XOM: cloud trail
 27091 | D:12     | XOM: divination: magic mapping
 27113 | D:12     | Identified the ring "Kiyw" {rCorr Int+4 Dex+5 Slay+6
                  | Stlth-}
 27185 | D:12     | Reached skill level 14 in Dodging
 27320 | D:12     | XOM: summons 7 hostile demons
 27643 | D:13     | XOM: summons 3 hostile demons
 27912 | D:13     | XOM: chaos cloud
 28105 | D:13     | XOM: noise
 28114 | D:13     | XOM: smoke on damage
 28430 | D:13     | XOM: summons 5 hostile demons
 28435 | D:13     | Reached skill level 10 in Fighting
 28446 | D:13     | XOM: potion effect (brilliance)
 28468 | D:13     | Reached XP level 15. HP: 68/75 MP: 9/29
 28582 | D:13     | XOM: cast spell 'Summon Mana Viper'
 28618 | D:13     | XOM: confusion (+ monsters)
 28653 | D:13     | XOM: silly message
 28695 | D:13     | Found a gate to the Vaults.
 28734 | D:13     | XOM: summons 8 hostile demons
 28758 | D:14     | Noticed Agnes
 28762 | D:14     | XOM: divination: detect items
 28767 | D:14     | Killed Agnes
 28821 | D:14     | Found the ring of Shadows {Umbra +Inv Stlth+}
 28847 | D:14     | Noticed Josephine
 28851 | D:14     | XOM: cleaving
 28893 | D:14     | Killed Josephine
 28901 | D:14     | Reached skill level 1 in Transmutations
 29007 | D:14     | XOM: potion effect (invisibility)
 29165 | D:14     | XOM: silly message
 29195 | D:14     | Noticed Rupert
 29200 | D:14     | XOM: enchant monster (bad)
 29216 | D:14     | Killed Rupert
 29451 | D:14     | XOM: enchant monster (bad)
 29467 | D:14     | Reached skill level 2 in Transmutations
 29469 | D:14     | Reached skill level 10 in Spellcasting
 29615 | D:14     | Noticed Lodul
 29621 | D:14     | XOM: potion effect (might)
 29644 | D:14     | Killed Lodul
 29755 | D:15     | Entered Level 15 of the Dungeon
 29789 | D:15     | XOM: divination: detect creatures
 29797 | D:15     | XOM: polymorph centaur warrior -> glowing shapeshifter
 29863 | D:15     | Reached skill level 12 in Unarmed Combat
 29914 | D:15     | XOM: 2-stop teleportation journey
 29993 | D:15     | Found Kecaj's Antique Armour Emporium.
 29997 | D:15     | Acquired the ring "Wosm" {rPois rC+ Int+4}
 30246 | D:15     | Found a staircase to the Depths.
 30308 | D:15     | Reached skill level 10 in Evocations
 30379 | D:15     | XOM: stat loss: -1 Str (9/10)
 30499 | D:15     | Reached skill level 3 in Transmutations
 30929 | Lair:5   | Reached skill level 12 in Ice Magic
 30960 | Lair:5   | XOM: torment (40/77 hp)
 30968 | Lair:5   | XOM: summons 5 hostile demons
 30977 | Lair:5   | Reached skill level 5 in Conjurations
 31223 | Lair:5   | XOM: confusion (+ monsters)
 31442 | Lair:5   | XOM: swap monsters
 31488 | Lair:5   | Found a corrupted altar of Lugonu.
 31488 | Lair:5   | Found a one-way gate to the infinite horrors of the Abyss.
 31488 | Lair:5   | XOM: draining
 31506 | Lair:5   | XOM: summons 3 hostile demons
 31672 | Shoals:1 | Entered Level 1 of the Shoals
 31677 | Shoals:1 | XOM: 6-stop teleportation journey
 31744 | Shoals:1 | Learned a level 1 spell: Magic Dart
 31753 | Shoals:1 | Noticed Donald
 31755 | Shoals:1 | Donald changed into Donald the catoblepas
 31755 | Shoals:1 | Noticed Donald
 31755 | Shoals:1 | XOM: polymorph Donald -> Donald the catoblepas
 31769 | Shoals:1 | Killed Donald the catoblepas
 31770 | Shoals:1 | Reached skill level 4 in Transmutations
 31882 | Shoals:1 | XOM: summons 1 hostile shadow creature
 31886 | Shoals:1 | XOM: polymorph manticore -> snapping turtle
 32215 | Shoals:1 | XOM: 1-stop teleportation journey
 32220 | Shoals:1 | XOM: enchant monster (bad)
 32223 | Shoals:1 | XOM: swap monsters
 32224 | Shoals:1 | Reached skill level 11 in Fighting
 32235 | Shoals:1 | XOM: chaos cloud
 32241 | Shoals:1 | XOM: divination: magic mapping
 32257 | Shoals:1 | Learned a level 5 spell: Irradiate
 32445 | Shoals:1 | Reached XP level 16. HP: 82/82 MP: 23/31
 32587 | Shoals:1 | XOM: potion effect (might)
 32600 | Shoals:1 | Reached skill level 6 in Conjurations
 32655 | Shoals:1 | Reached skill level 5 in Transmutations
 33064 | Shoals:1 | Noticed a kraken
 33088 | Shoals:1 | HP: 1/82 [tentacle[a kraken] (8)]
 33220 | Shoals:1 | XOM: cloud trail
 33443 | Shoals:1 | XOM: cast spell 'Summon Small Mammal'
 33491 | Shoals:1 | XOM: enchant monster (good)
 33579 | Shoals:1 | Killed a kraken
 33938 | Shoals:2 | Reached skill level 6 in Transmutations
 34007 | Shoals:2 | Reached skill level 7 in Conjurations
 34092 | Shoals:2 | Reached skill level 7 in Transmutations
 34240 | Shoals:2 | XOM: summons friendly crimson imp
 34244 | Shoals:2 | XOM: snakes to sticks
 34371 | Shoals:2 | Noticed Nikola
 34379 | Shoals:2 | Killed Nikola
 34380 | Shoals:2 | XOM: silly message
 34396 | Shoals:2 | XOM: noise
 34545 | Shoals:2 | Reached skill level 8 in Conjurations
 34545 | Shoals:2 | Reached skill level 8 in Transmutations
 34581 | Shoals:2 | XOM: 4-stop teleportation journey
 34596 | Shoals:2 | XOM: smoke on damage
 34666 | Shoals:2 | Reached skill level 9 in Transmutations
 34883 | Shoals:2 | XOM: noise
 34896 | Shoals:2 | Noticed Polyphemus
 34915 | Shoals:2 | HP: 4/82 [/a scroll of torment (2)]
 34918 | Shoals:2 | Found a runed translucent door.
 34918 | Shoals:2 | Noticed Jema's ghost (adept HuCj)
 34919 | Shoals:2 | Killed Polyphemus
 34920 | Shoals:2 | Reached skill level 9 in Conjurations
 34921 | Shoals:2 | HP: 1/82 [catoblepas/blast of calcifying dust[Polyphemus]
                  | (3)]
 34926 | Shoals:2 | Xom revived you
 34926 | Shoals:2 | HP: 3/82 [cloud of flame (17)]
 34927 | Shoals:2 | Reached skill level 10 in Transmutations
 35052 | Shoals:1 | XOM: 2-stop teleportation journey
 35239 | Shoals:2 | XOM: potion effect (brilliance)
 35417 | Shoals:2 | XOM: enchant monster (good)
 35466 | Shoals:2 | XOM: god gift: scroll of teleportation
 35488 | Shoals:2 | XOM: divination: detect items
 35531 | Shoals:2 | Killed Jema's ghost
 35537 | Shoals:2 | Identified the amulet "Ipoetyoc" {Reflect Harm rF+ rC+
                  | Dex+3 SH+5 Stlth+}
 36241 | Shoals:3 | XOM: give mutations
 36241 | Shoals:3 | Lost mutation: You are partially covered in iridescent
                  | scales. (AC +2) [Xom's mischief]
 36241 | Shoals:3 | Lost mutation: You have a somewhat thin skeletal structure.
                  | (Dex +2, Stealth+) [Xom's mischief]
 36241 | Shoals:3 | Lost mutation: You passively map the area around you.
                  | [Xom's mischief]
 36241 | Shoals:3 | Lost mutation: You are strong-willed. (Will+) [Xom's
                  | mischief]
 36384 | Shoals:4 | Entered Level 4 of the Shoals
 36585 | Shoals:3 | XOM: cloud trail
 36716 | Spider:1 | Entered Level 1 of the Spider Nest
 36721 | Spider:1 | Reached XP level 17. HP: 85/85 MP: 22/32
 36724 | Spider:1 | XOM: summons friendly quasit
 36737 | Spider:1 | Reached skill level 11 in Transmutations
 36752 | Spider:1 | XOM: confuse monster(s)
 36798 | Spider:1 | XOM: 2-stop teleportation journey
 36868 | Spider:1 | XOM: blink monster(s)
 36967 | Spider:1 | XOM: give mutations
 36967 | Spider:1 | Lost mutation: You are resistant to electric shocks.
                  | (rElec) [Xom's mischief]
 36967 | Spider:1 | Gained mutation: Your body often deteriorates upon taking
                  | damage. [Xom's mischief]
 36967 | Spider:1 | Gained mutation: Potions are less effective at restoring
                  | your health. [Xom's mischief]
 36967 | Spider:1 | Gained mutation: Your natural rate of healing is unusually
                  | fast. [Xom's mischief]
 37036 | Spider:1 | XOM: give mutations
 37036 | Spider:1 | Lost mutation: Your body often deteriorates upon taking
                  | damage. [Xom's mischief]
 37036 | Spider:1 | Lost mutation: Your muscles are strong. (Str +4, Int/Dex
                  | -1) [Xom's mischief]
 37036 | Spider:1 | Lost mutation: Your body sometimes deteriorates upon taking
                  | damage. [Xom's mischief]
 37126 | Spider:1 | XOM: 3-stop teleportation journey
 37237 | Spider:1 | XOM: 5-stop teleportation journey
 37383 | Spider:1 | Reached skill level 13 in Unarmed Combat
 37452 | Spider:1 | XOM: polymorph boulder beetle -> quicksilver ooze
 37521 | Spider:1 | XOM: torment (36/85 hp)
 37532 | Spider:1 | XOM: give mutations
 37532 | Spider:1 | Gained mutation: You are partially covered in iridescent
                  | scales. (AC +2) [Xom's grace]
 37532 | Spider:1 | Gained mutation: You possess an exceptional clarity of
                  | mind. [Xom's grace]
 37532 | Spider:1 | Gained mutation: You are very agile. (Dex +8, Str/Int -2)
                  | [Xom's grace]
 37872 | Spider:1 | XOM: cloud trail
 38099 | Spider:2 | XOM: cloud trail
 38286 | Spider:2 | XOM: scenery: summon butterflies
 38358 | Spider:2 | XOM: give mutation
 38358 | Spider:2 | Lost mutation: You expend magic power (3 MP) to strengthen
                  | your wands. [Xom's mischief]
 38382 | Spider:2 | XOM: divination: magic mapping
 38577 | Spider:2 | Reached skill level 10 in Conjurations
 38793 | Spider:2 | XOM: silly message
 38963 | Spider:2 | Identified the serpent talisman of Vocythri {rElec}
 38963 | Spider:2 | Noticed Aizul
 38969 | Spider:2 | Killed Aizul
 39141 | Spider:2 | XOM: divination: magic mapping
 39296 | Spider:2 | XOM: divination: detect items
 39356 | Spider:2 | Reached skill level 12 in Fighting
 39660 | Spider:2 | XOM: silly message
 39925 | Spider:2 | XOM: silly message
 40067 | Spider:2 | XOM: silly message
 40127 | Spider:2 | XOM: noise
 40143 | Spider:2 | XOM: noise
 40180 | Spider:3 | XOM: potion effect (brilliance)
 40379 | Spider:3 | XOM: polymorph jumping spider -> wind drake
 40416 | Spider:3 | XOM: god gift: pair of runed boots {god gift}
 40605 | Spider:3 | Reached skill level 14 in Unarmed Combat
 41148 | Spider:3 | XOM: give mutations
 41148 | Spider:3 | Lost mutation: Your natural rate of healing is unusually
                  | fast. [Xom's mischief]
 41148 | Spider:3 | Lost mutation: Your mind is acute. (Int +4, Str/Dex -1)
                  | [Xom's mischief]
 41148 | Spider:3 | Lost mutation: Your spells are harder to cast, but more
                  | powerful. [Xom's mischief]
 41180 | Spider:4 | Entered Level 4 of the Spider Nest
 41361 | Spider:4 | Learned a level 5 spell: Freezing Cloud
 41380 | Spider:4 | Noticed Kirke
 41388 | Spider:4 | Killed Kirke
 41436 | Spider:4 | XOM: scenery: create altars
 41458 | Spider:4 | Reached skill level 1 in Air Magic
 41768 | Spider:3 | XOM: god gift: scale mail {god gift}
 41945 | Spider:4 | XOM: swap monsters
 41995 | Spider:4 | Reached skill level 2 in Air Magic
 42203 | Spider:4 | XOM: potion effect (haste)
 42212 | Spider:4 | XOM: summons friendly crimson imp
 42267 | Spider:4 | Reached skill level 13 in Fighting
 42493 | Spider:4 | XOM: noise
 42845 | Spider:4 | Noticed Arachne
 42846 | Spider:4 | XOM: confuse monster(s)
 42854 | Spider:4 | XOM: blink monster(s)
 42859 | Spider:4 | Killed Arachne
 42860 | Spider:4 | Reached skill level 3 in Air Magic
 42860 | Spider:4 | Reached XP level 18. HP: 54/93 MP: 24/33
 42986 | Spider:4 | XOM: divination: detect items
 43361 | Spider:4 | Got a gossamer rune of Zot
 43699 | Shoals:4 | Reached skill level 4 in Air Magic
 43750 | Shoals:4 | XOM: potion effect (brilliance)
 43899 | Shoals:4 | XOM: cloud trail
 44100 | Shoals:4 | XOM: destruction
 44431 | Shoals:4 | XOM: give mutation
 44431 | Shoals:4 | Lost mutation: You have a pair of small horns on your head.
                  | [Xom's mischief]
 44475 | Shoals:4 | XOM: god gift: 56 gold pieces
 44533 | Shoals:4 | Reached skill level 5 in Air Magic
 44577 | Shoals:4 | XOM: confuse monster(s)
 44579 | Shoals:4 | Reached skill level 14 in Fighting
 44707 | Shoals:4 | XOM: 1-stop teleportation journey
 44738 | Shoals:4 | XOM: silly message
 44782 | Shoals:4 | Found a blossoming altar of Fedhas.
 44796 | Shoals:4 | XOM: silly message
 44935 | Shoals:4 | Paralysed by an air elemental for 1 turns
 44939 | Shoals:4 | Paralysed by an air elemental for 1 turns
 45085 | Shoals:4 | XOM: silly message
 45085 | Shoals:4 | Identified the amulet "Jorof" {RegenMP Rampage}
 45933 | Shoals:4 | Found a radiant altar of Vehumet.
 46035 | Shoals:4 | Got a barnacled rune of Zot
 46124 | Shoals:4 | XOM: cloud trail
 46394 | Orc:2    | XOM: silly message
 46476 | Vaults:5 | Identified the "Bav Pet"
 46476 | Crypt:1  | Identified the of Fuph
 46476 | WizLab   | Identified the "Ytwunirch"
 46476 | WizLab   | Identified the "Ipsurph Inke"
 46476 | Elf:1    | Identified the "Powkesker"
 46476 | Elf:1    | Identified the of Isic
 46476 | Elf:1    | Entered Level 1 of the Elven Halls
 46614 | Elf:1    | Reached skill level 11 in Spellcasting
 46614 | Elf:1    | Reached skill level 1 in Summonings
 46801 | Elf:1    | Reached skill level 2 in Summonings
 46973 | Elf:1    | XOM: noise
 46984 | Elf:1    | XOM: noise
 46984 | Elf:1    | Paralysed by an air elemental for 1 turns
 46995 | Elf:1    | XOM: noise
 47006 | Elf:1    | XOM: potion effect (brilliance)
 47102 | Elf:1    | XOM: noise
 47115 | Elf:1    | XOM: potion effect (attraction)
 47289 | Elf:1    | Reached skill level 3 in Summonings
 47381 | Elf:1    | XOM: divination: detect creatures
 47798 | Elf:1    | XOM: silly message
 48178 | Elf:2    | Reached skill level 4 in Summonings
 48554 | Elf:2    | XOM: silly message
 48759 | Elf:2    | Reached XP level 19. HP: 101/101 MP: 28/35
 49033 | Elf:2    | Reached skill level 11 in Conjurations
 49081 | Elf:2    | Found Bymonag's Self-Improvement Boutique.
 49222 | Elf:2    | Reached skill level 5 in Summonings
 49276 | Elf:2    | XOM: scenery: 2 doors open, 1 doors close
 49403 | Elf:2    | Found a runed translucent gate.
 49403 | Elf:2    | Found a runed translucent gate.
 49403 | Elf:2    | Found a runed translucent gate.
 49519 | Elf:2    | Reached skill level 12 in Spellcasting
 49568 | Elf:2    | XOM: smoke on damage
 49734 | Elf:2    | XOM: 2-stop teleportation journey
 49923 | Elf:2    | XOM: silly message
 50027 | Elf:2    | XOM: confuse monster(s)
 50160 | Elf:2    | XOM: noise
 50671 | Elf:2    | XOM: silly message
 50678 | Elf:2    | Reached skill level 6 in Summonings
 50699 | Elf:2    | XOM: confuse monster(s)
 50983 | Elf:3    | Entered Level 3 of the Elven Halls
 51072 | Elf:3    | Found a radiant altar of Vehumet.
 51109 | Elf:3    | Found a flickering gateway to a bazaar.
 51120 | Bazaar   | Entered a bazaar
 51228 | Bazaar   | Found Vicse's Assorted Antiques.
 51236 | Bazaar   | Bought a scroll of teleportation for 72 gold pieces
 51242 | Bazaar   | Found Reubaoci's Jewellery Shop.
 51270 | Bazaar   | Found Emnec's Assorted Antiques.
 51278 | Bazaar   | Bought a scroll of revelation for 195 gold pieces
 51278 | Bazaar   | Bought a potion of cancellation for 208 gold pieces
 51284 | Bazaar   | Found Huschong's Armour Boutique.
 51930 | Elf:3    | XOM: god gift: wand of paralysis (7)
 52053 | Elf:3    | XOM: give mutations
 52053 | Elf:3    | Gained mutation: Your natural rate of healing is unusually
                  | fast. [Xom's grace]
 52053 | Elf:3    | Gained mutation: You have claws for hands. [Xom's grace]
 52053 | Elf:3    | Gained mutation: You expend magic power (3 MP) to
                  | strengthen your wands. [Xom's grace]
 52433 | Elf:3    | XOM: god gift: book of Necromancy
 52470 | Elf:3    | XOM: summons 4 hostile shadow creatures
 52712 | Elf:3    | Killed from afar by a deep elf elementalist
 52719 | Elf:3    | Learned a level 5 spell: Silence
 52788 | Elf:3    | Reached skill level 7 in Summonings
 52864 | Elf:3    | Identified the staff of Lewohi Ilesh {rF+ rC- Int+9 Fire}
 52880 | Elf:3    | XOM: destruction
 53042 | Elf:3    | XOM: scenery: 1 doors close
 53047 | Elf:3    | Learned a level 3 spell: Mephitic Cloud
 53445 | Elf:3    | Reached skill level 12 in Conjurations
 53542 | Elf:3    | Identified the +1 orcbow of Rezxul {heavy, rElec rC+ Str+3}
 53546 | Elf:3    | XOM: chaos upgrade
 53753 | Elf:3    | XOM: summons 5 friendly demons
 53753 | Elf:3    | Identified the +11 hand axe of the Endless Expanse {elec,
                  | +Blink rN+ Str-2}
 53762 | Elf:3    | XOM: god gift: halberd {god gift}
 53762 | Elf:3    | XOM: butterfly on damage
 53814 | Elf:3    | XOM: scenery: create altars
 53919 | Elf:3    | Reached skill level 13 in Spellcasting
 53925 | Elf:3    | XOM: summons 5 friendly demons
 53934 | Elf:3    | XOM: polymorph hellwing -> efreet
 54779 | Elf:3    | XOM: give mutations
 54779 | Elf:3    | Gained mutation: You are strong-willed. (Will+) [Xom's
                  | grace]
 54779 | Elf:3    | Gained mutation: Your mind is acute. (Int +4, Str/Dex -1)
                  | [Xom's grace]
 54779 | Elf:3    | Gained mutation: Your spells are harder to cast, but more
                  | powerful. [Xom's grace]
 54779 | Elf:3    | Gained mutation: You passively dampen the noise of your
                  | surroundings. [Xom's grace]
 55088 | Orc:2    | Learned a level 7 spell: Spellforged Servitor
 55095 | Orc:2    | Learned a level 6 spell: Bombard
 55221 | Vaults:1 | Entered Level 1 of the Vaults
 55269 | Vaults:1 | Reached skill level 8 in Summonings
 55426 | Vaults:1 | Noticed Zenata
 55835 | Vaults:1 | XOM: fog
 55844 | Vaults:1 | XOM: give mutations
 55844 | Vaults:1 | Gained mutation: You are partially covered in large bone
                  | plates. (SH +4) [Xom's grace]
 55844 | Vaults:1 | Gained mutation: Your skin changes colour to match your
                  | surroundings (Stealth+). [Xom's grace]
 55844 | Vaults:1 | Gained mutation: Your flesh is heat resistant. (rF+) [Xom's
                  | grace]
 55844 | Vaults:1 | Gained mutation: You are somewhat resistant to further
                  | mutation. [Xom's grace]
 56189 | Vaults:1 | XOM: confuse monster(s)
 56196 | Vaults:1 | XOM: scenery: 5 doors close
 56218 | Vaults:1 | XOM: scenery: 2 doors close
 56283 | Vaults:1 | Reached XP level 20. HP: 105/105 MP: 38/38
 56428 | Vaults:1 | XOM: fog
 56689 | Vaults:1 | Reached skill level 9 in Summonings
 56827 | Vaults:2 | Reached skill level 13 in Conjurations
 56899 | Vaults:2 | Found Rucups's Antique Weapon Boutique.
 57011 | Vaults:2 | Noticed Xtahua
 57022 | Vaults:2 | XOM: enchant monster (bad)
 57025 | Vaults:2 | Killed Xtahua
 57312 | Vaults:2 | Reached skill level 14 in Spellcasting
 57447 | Vaults:2 | XOM: stat loss: -1 Int (20/21)
 57706 | Vaults:2 | XOM: stat loss: -1 Str (4/5)
 57967 | Vaults:2 | Reached skill level 10 in Summonings
 58352 | Vaults:3 | XOM: silly message
 58379 | Vaults:3 | Learned a level 2 spell: Blink
 58385 | Vaults:3 | Learned a level 4 spell: Manifold Assault
 58560 | Vaults:3 | XOM: noise
 58563 | Vaults:3 | Reached skill level 1 in Translocations
 58663 | Vaults:3 | Reached skill level 2 in Translocations
 58765 | Vaults:3 | XOM: summons 5 hostile demons
 58790 | Vaults:3 | XOM: enchant monster (good)
 58796 | Vaults:3 | Reached skill level 3 in Translocations
 58826 | Vaults:3 | XOM: give mutations
 58826 | Vaults:3 | Lost mutation: You are very agile. (Dex +8, Str/Int -2)
                  | [Xom's mischief]
 58826 | Vaults:3 | Lost mutation: Your mind is acute. (Int +4, Str/Dex -1)
                  | [Xom's mischief]
 58826 | Vaults:3 | Lost mutation: You passively dampen the noise of your
                  | surroundings. [Xom's mischief]
 58860 | Vaults:3 | XOM: give mutation
 58860 | Vaults:3 | Lost mutation: You are robust. (+10% HP) [Xom's mischief]
 58942 | Vaults:3 | Found a staircase to the Crypt.
 58942 | Vaults:3 | Noticed a bone dragon
 58942 | Vaults:3 | XOM: 4-stop teleportation journey
 58948 | Vaults:3 | Identified the +0 cloak "Kanu" {Dex+4}
 59012 | Vaults:3 | XOM: give mutation
 59012 | Vaults:3 | Gained mutation: You have a pair of small horns on your
                  | head. [Xom's grace]
 59080 | Vaults:3 | XOM: scenery: 2 doors close
 59191 | Vaults:3 | XOM: potion effect (berserk rage)
 59200 | Vaults:3 | Reached skill level 4 in Translocations
 59217 | Vaults:3 | XOM: divination: detect items
 59364 | Vaults:3 | XOM: god gift: 31 gold pieces
 59375 | Vaults:3 | Killed a bone dragon
 59479 | Vaults:3 | XOM: scenery: create altars
 59486 | Vaults:3 | XOM: summons 3 friendly demons
 59498 | Vaults:3 | XOM: polymorph quasit -> white imp
 59528 | Vaults:3 | XOM: confuse monster(s)
 59561 | Vaults:3 | Reached skill level 5 in Translocations
 59716 | Vaults:3 | XOM: potion effect (might)
 59806 | Vaults:3 | XOM: god gift: scroll of teleportation
 59902 | Vaults:3 | XOM: god gift: wand of polymorph (5)
 60172 | Vaults:3 | XOM: god gift: great sword {god gift}
 60546 | Vaults:4 | XOM: summons friendly ufetubus
 60555 | Vaults:4 | Reached skill level 14 in Conjurations
 60555 | Vaults:4 | Reached skill level 6 in Translocations
 60556 | Vaults:4 | Reached skill level 11 in Summonings
 60558 | Vaults:4 | XOM: give mutation
 60558 | Vaults:4 | Lost mutation: You are somewhat resistant to further
                  | mutation. [Xom's mischief]
 60640 | Vaults:4 | XOM: stat loss: -1 Dex (34/35)
 60701 | Vaults:4 | XOM: stat loss: -1 Dex (33/35)
 60728 | Vaults:4 | Found a runed translucent gate.
 60728 | Vaults:4 | Found a runed translucent gate.
 60728 | Vaults:4 | Found a runed translucent gate.
 60730 | Vaults:4 | Noticed garrulousMonolith's ghost (veteran GnFi)
 60813 | Vaults:4 | XOM: 2-stop teleportation journey
 60848 | Vaults:4 | Found Qoqu's Weapon Emporium.
 60932 | Vaults:4 | XOM: enchant monster (bad)
 60936 | Vaults:4 | Reached XP level 21. HP: 81/100 MP: 29/40
 60978 | Vaults:4 | XOM: give mutations
 60978 | Vaults:4 | Lost mutation: You have a pair of small horns on your head.
                  | [Xom's mischief]
 60978 | Vaults:4 | Lost mutation: You are strong-willed. (Will+) [Xom's
                  | mischief]
 60978 | Vaults:4 | Lost mutation: You are partially covered in iridescent
                  | scales. (AC +2) [Xom's mischief]
 60994 | Vaults:4 | Reached skill level 7 in Translocations
 61034 | Vaults:4 | XOM: 4-stop teleportation journey
 61474 | Vaults:4 | XOM: noise
 61474 | Vaults:4 | XOM: smoke on damage
 61490 | Vaults:4 | Reached skill level 8 in Translocations
 61561 | Vaults:4 | XOM: scenery: create altars
 61657 | Vaults:4 | XOM: give mutation
 61657 | Vaults:4 | Gained mutation: Your muscles are strong. (Str +4, Int/Dex
                  | -1) [Xom's grace]
 61924 | Depths:1 | Entered Level 1 of the Depths
 61988 | Depths:1 | XOM: divination: detect creatures
 62009 | Depths:1 | Found a magical portal.
 62075 | Depths:1 | XOM: scenery: 1 doors open, 1 doors close
 62077 | WizLab   | Entered Borgnjor's Mausoleum
 62159 | Depths:1 | Reached skill level 9 in Translocations
 62384 | Depths:1 | XOM: noise
 62860 | Depths:1 | XOM: silly message
 63005 | Depths:1 | Noticed a caustic shrike
 63016 | Depths:1 | Killed a caustic shrike
 63071 | Depths:1 | Noticed a caustic shrike
 63075 | Depths:1 | XOM: god gift: 2 potions of heal wounds
 63080 | Depths:1 | Killed a caustic shrike
 63081 | Depths:1 | Reached skill level 10 in Translocations
 63259 | Depths:1 | Acquired 1214 gold pieces
 63297 | Depths:1 | Reached skill level 12 in Summonings
 63307 | Depths:1 | Learned a level 2 spell: Sublimation of Blood
 63411 | Depths:1 | XOM: confuse monster(s)
 63458 | Depths:1 | Noticed Saint Roka
 63468 | Depths:1 | Killed Saint Roka
 63738 | Depths:1 | Identified the +7 demon trident "Pittooj" {elec, rElec
                  | rPois rCorr Str+4}
 63739 | Depths:1 | Reached skill level 11 in Translocations
 63819 | Depths:1 | XOM: give mutations
 63819 | Depths:1 | Gained mutation: Your muscles are very strong. (Str +8,
                  | Int/Dex -2) [Xom's grace]
 63819 | Depths:1 | Gained mutation: You have a pair of small antennae on your
                  | head. [Xom's grace]
 63820 | Depths:1 | Found a gateway to Hell.
 63876 | Depths:1 | XOM: torment (42/100 hp)
 64176 | Depths:2 | Found Koisaps's Antique Weapon Shoppe.
 64188 | Depths:1 | XOM: confuse monster(s)
 64384 | Depths:2 | Found Dome's Weapon Emporium.
 64397 | Depths:2 | Found Jigutu's Weapon Emporium.
 64397 | Depths:2 | Found Goowkut's Book Shoppe.
 64437 | Depths:2 | Found Pygript's Book Shoppe.
 64437 | Depths:2 | Found Umnux's General Store.
 64451 | Depths:2 | Bought a potion of curing for 45 gold pieces
 64451 | Depths:2 | Bought a wand of roots (5) for 180 gold pieces
 64451 | Depths:2 | Bought a scroll of fog for 60 gold pieces
 64696 | Depths:2 | XOM: enchant monster (good)
 64700 | Depths:2 | XOM: smoke on damage
 64776 | Depths:2 | XOM: polymorph green ugly thing -> brown ugly thing
 64777 | Depths:2 | XOM: draining
 64783 | Depths:2 | Reached skill level 12 in Translocations
 64871 | Depths:2 | Learned a level 2 spell: Passwall
 65136 | Depths:2 | XOM: summons 11 hostile demons
 65217 | Depths:2 | XOM: silly message
 65354 | Depths:2 | Found a runed translucent gate.
 65354 | Depths:2 | Found a runed translucent gate.
 65354 | Depths:2 | Found an opulent altar of Gozag.
 65365 | Depths:2 | Found a runed translucent gate.
 65366 | Depths:2 | Noticed Mihuozyi's ghost (adept MiBe)
 65368 | Depths:2 | Found Roenykh's Assorted Antiques.
 65371 | Depths:2 | Found Catun's Assorted Antiques.
 65386 | Depths:2 | XOM: swap monsters
 65393 | Depths:2 | Killed Mihuozyi's ghost
 65409 | Depths:2 | Reached skill level 13 in Translocations
 65506 | Depths:2 | XOM: noise
 65512 | Depths:2 | XOM: silly message
 65558 | Depths:2 | Bought a scroll of teleportation for 96 gold pieces
 65558 | Depths:2 | Bought a potion of berserk rage for 160 gold pieces
 65559 | Depths:2 | Bought a scroll of fear for 140 gold pieces
 65559 | Depths:2 | Bought a wand of paralysis (3) for 252 gold pieces
 65559 | Depths:2 | Bought a potion of cancellation for 280 gold pieces
 65707 | Depths:2 | Found a one-way gate leading to the halls of Pandemonium.
 66052 | Depths:2 | Reached skill level 14 in Translocations
 66441 | Depths:3 | XOM: stealth player
 66499 | Depths:3 | Found Olunt's Jewellery Shop.
 66792 | Depths:3 | XOM: scenery: 1 doors open
 66871 | Depths:3 | XOM: summons friendly crimson imp
 67134 | Depths:3 | Found a one-way gateway to a ziggurat.
 67186 | Depths:3 | Reached XP level 22. HP: 104/104 MP: 39/41
 67218 | Depths:3 | XOM: give mutations
 67218 | Depths:3 | Gained mutation: You are mostly covered in large bone
                  | plates. (SH +6) [Xom's grace]
 67218 | Depths:3 | Gained mutation: You have a somewhat thin skeletal
                  | structure. (Dex +2, Stealth+) [Xom's grace]
 67218 | Depths:3 | Gained mutation: You are somewhat resistant to further
                  | mutation. [Xom's grace]
 67226 | Depths:3 | Reached skill level 11 in Evocations
 67350 | Depths:3 | Reached skill level 1 in Hexes
 67393 | Depths:3 | XOM: 2-stop teleportation journey
 67424 | Depths:3 | XOM: silly message
 67611 | Depths:4 | Entered Level 4 of the Depths
 67611 | Depths:4 | Noticed a golden dragon
 67617 | Depths:4 | Reached skill level 11 in Stealth
 67618 | Depths:4 | Killed a golden dragon
 67619 | Depths:4 | Reached skill level 2 in Hexes
 67780 | Depths:4 | Noticed a juggernaut
 67785 | Depths:3 | Killed a juggernaut
 67786 | Depths:3 | Reached skill level 3 in Hexes
 67829 | Depths:3 | XOM: noise
 67881 | Depths:4 | XOM: swap monsters
 67884 | Depths:4 | XOM: blink monster(s)
 67888 | Depths:4 | XOM: cleaving
 67894 | Depths:4 | XOM: smoke on damage
 67896 | Depths:4 | XOM: smoke on damage
 68039 | Depths:4 | Reached skill level 4 in Hexes
 68041 | Depths:3 | HP: 1/104 [poisoned by a green draconian]
 68284 | Depths:4 | XOM: god gift: potion of degeneration
 68620 | Depths:4 | XOM: noise
 68717 | Depths:4 | XOM: silly message
 68867 | Depths:4 | XOM: enchant monster (good)
 68939 | Depths:4 | Identified the +0 plate armour "Sawemaq" {Will+} (Xom
                  | gifted it to you on level 4 of the Depths)
 68939 | Depths:4 | XOM: god gift: +0 plate armour "Sawemaq" {Will+}
 68948 | Depths:4 | Reached skill level 12 in Stealth
 68948 | Depths:4 | Reached skill level 5 in Hexes
 69162 | Depths:4 | XOM: god gift: robe {god gift}
 69241 | Depths:4 | Reached skill level 12 in Evocations
 69241 | Depths:4 | XOM: smoke on damage
 69243 | Depths:4 | Reached skill level 6 in Hexes
 69349 | Depths:4 | XOM: give mutations
 69349 | Depths:4 | Lost mutation: Your skin changes colour to match your
                  | surroundings (Stealth+). [Xom's mischief]
 69349 | Depths:4 | Lost mutation: You possess an exceptional clarity of mind.
                  | [Xom's mischief]
 69349 | Depths:4 | Lost mutation: You are mostly covered in large bone plates.
                  | (SH +6) [Xom's mischief]
 69351 | Depths:4 | Found a runed translucent gate.
 69351 | Depths:4 | Found a runed translucent gate.
 69357 | Depths:4 | Found a runed translucent gate.
 69359 | Depths:4 | Noticed Joepramp's ghost (veteran DjFE)
 69361 | Depths:4 | Found a viscous altar of Jiyva.
 69512 | Depths:4 | Found a gate to the Realm of Zot.
 69640 | Depths:4 | Found an opulent altar of Gozag.
 69706 | Depths:4 | XOM: cloud trail
 70101 | Vaults:5 | Entered Level 5 of the Vaults
 70106 | Vaults:5 | Reached skill level 7 in Hexes
 70115 | Vaults:5 | Got a silver rune of Zot
 70269 | Vaults:5 | Reached skill level 13 in Stealth
 70436 | Vaults:5 | Noticed a dread lich
 70440 | Vaults:5 | XOM: cast spell 'Leda's Liquefaction'
 70447 | Vaults:5 | Killed a dread lich
 70460 | Vaults:5 | Reached skill level 8 in Hexes
 70462 | Vaults:5 | Identified the +9 scale mail "Tiotayg" {rElec rCorr Str+3}
 70567 | Vaults:5 | XOM: silly message
 70925 | Vaults:5 | XOM: silly message
 71001 | Vaults:5 | Reached skill level 9 in Hexes
 71001 | Vaults:5 | Reached skill level 13 in Evocations
 71006 | Vaults:5 | XOM: give mutations
 71006 | Vaults:5 | Lost mutation: You are partially covered in large bone
                  | plates. (SH +4) [Xom's mischief]
 71006 | Vaults:5 | Lost mutation: Potions are less effective at restoring your
                  | health. [Xom's mischief]
 71125 | Vaults:5 | Reached skill level 14 in Stealth
 71395 | Vaults:5 | Noticed Sojobo
 71408 | Vaults:5 | Killed Sojobo
 71553 | Vaults:5 | XOM: scenery: create altars
 71555 | Vaults:5 | Reached skill level 10 in Hexes
 71572 | Vaults:5 | XOM: silly message
 72192 | Vaults:5 | XOM: god gift: potion of mutation
 72407 | Vaults:5 | Identified the +2 arbalest of Extermination {penet, SInv}
 72620 | Vaults:5 | XOM: torment (43/104 hp)
 73094 | Vaults:5 | XOM: give mutations
 73094 | Vaults:5 | Lost mutation: You have a somewhat thin skeletal structure.
                  | (Dex +2, Stealth+) [Xom's mischief]
 73094 | Vaults:5 | Lost mutation: You are agile. (Dex +4, Str/Int -1) [Xom's
                  | mischief]
 73101 | Vaults:5 | Reached skill level 11 in Hexes
 73101 | Vaults:5 | Reached XP level 23. HP: 80/108 MP: 7/42
 73270 | Vaults:5 | XOM: give mutation
 73270 | Vaults:5 | Gained mutation: You are partially covered in iridescent
                  | scales. (AC +2) [Xom's mischief]
 73504 | Vaults:5 | XOM: 1-stop teleportation journey
 73512 | Vaults:5 | XOM: summons 1 hostile demon
 73667 | Vaults:5 | XOM: polymorph fire giant -> stone giant
 73671 | Vaults:5 | Reached skill level 14 in Evocations
 73927 | Vaults:5 | Learned a level 5 spell: Summon Mana Viper
 73959 | Vaults:5 | XOM: summons friendly crimson imp
 73972 | Vaults:5 | XOM: summons 14 friendly demons
 74051 | Vaults:5 | Reached skill level 12 in Hexes
 74165 | Vaults:5 | XOM: 8-stop teleportation journey
 74228 | Vaults:5 | XOM: butterfly on damage
 74256 | Vaults:5 | XOM: fog
 74358 | Vaults:5 | XOM: 1-stop teleportation journey
 74513 | Vaults:5 | XOM: 3-stop teleportation journey
 74590 | Vaults:5 | Found Etot's Distillery.
 74594 | Vaults:5 | Bought a potion of heal wounds for 65 gold pieces
 74594 | Vaults:5 | Bought a potion of curing for 39 gold pieces
 74594 | Vaults:5 | Bought a potion of might for 52 gold pieces
 74594 | Vaults:5 | Bought a potion of curing for 39 gold pieces
 74594 | Vaults:5 | Bought a potion of haste for 130 gold pieces
 74607 | Vaults:5 | Found Vulyl's Magic Scroll Shoppe.
 74607 | Vaults:5 | Found Qunelluni's Distillery.
 74689 | Vaults:5 | Bought a scroll of teleportation for 63 gold pieces
 74689 | Vaults:5 | Bought a scroll of teleportation for 63 gold pieces
 74689 | Vaults:5 | Bought a scroll of blinking for 157 gold pieces
 74689 | Vaults:5 | Bought a scroll of revelation for 157 gold pieces
 74689 | Vaults:5 | Bought a scroll of fog for 84 gold pieces
 74696 | Vaults:5 | Bought a potion of haste for 190 gold pieces
 74696 | Vaults:5 | Bought a potion of curing for 57 gold pieces
 74696 | Vaults:5 | Bought 2 potions of magic for 304 gold pieces
 74696 | Vaults:5 | Bought a potion of enlightenment for 95 gold pieces
 74724 | Vaults:5 | XOM: butterfly on damage
 74829 | Vaults:5 | Learned a level 4 spell: Vhi's Electric Charge
 74874 | Vaults:5 | Found Yroonuca's Distillery.
 74874 | Vaults:5 | XOM: 6-stop teleportation journey
 74881 | Vaults:5 | XOM: 6-stop teleportation journey
 74904 | Vaults:5 | Reached skill level 13 in Hexes
 74957 | Vaults:5 | Noticed Margery
 74959 | Vaults:5 | XOM: cleaving
 74966 | Vaults:5 | Killed Margery
 75250 | Vaults:5 | Found Utaosuh's Magic Scroll Shop.
 75254 | Vaults:5 | Bought a scroll of silence for 171 gold pieces
 75254 | Vaults:5 | Bought a scroll of teleportation for 54 gold pieces
 75254 | Vaults:5 | Bought a scroll of teleportation for 54 gold pieces
 75254 | Vaults:5 | Bought a scroll of teleportation for 54 gold pieces
 75268 | Vaults:5 | Bought a potion of brilliance for 80 gold pieces
 75268 | Vaults:5 | Bought a potion of heal wounds for 100 gold pieces
 75268 | Vaults:5 | Bought a potion of ambrosia for 160 gold pieces
 75268 | Vaults:5 | Bought a potion of heal wounds for 100 gold pieces
 75268 | Vaults:5 | Bought a potion of heal wounds for 100 gold pieces
 75268 | Vaults:5 | Bought a potion of enlightenment for 100 gold pieces
 75331 | Vaults:5 | Found Fisyng's Magic Scroll Emporium.
 75331 | Vaults:5 | Found Urisimn's Magic Scroll Boutique.
 75336 | Vaults:5 | Bought a scroll of fog for 76 gold pieces
 75336 | Vaults:5 | Bought a scroll of fog for 76 gold pieces
 75336 | Vaults:5 | Bought a scroll of teleportation for 57 gold pieces
 75343 | Vaults:5 | Bought a scroll of teleportation for 51 gold pieces
 75343 | Vaults:5 | Bought a scroll of blinking for 127 gold pieces
 75701 | Zot:1    | Entered Level 1 of the Realm of Zot
 75703 | Zot:1    | Reached skill level 14 in Hexes
 75722 | Zot:1    | Identified the +1 double sword "Reyreip" {venom, Fly rElec
                  | Int-3 Dex+5}
 75744 | Zot:1    | XOM: butterfly on damage
 75887 | Zot:1    | Reached skill level 13 in Summonings
 76149 | Zot:2    | XOM: scenery: summon butterflies
 76156 | Zot:2    | XOM: butterfly on damage
 76325 | Zot:3    | Reached skill level 14 in Summonings
 76330 | Zot:3    | XOM: destruction
 76359 | Zot:3    | XOM: god gift: 2 curare-tipped darts
 76569 | Zot:5    | Entered Level 5 of the Realm of Zot
 76699 | Zot:5    | XOM: enchant monster (good)
 76782 | Zot:5    | XOM: god gift: chain mail {god gift}
 76911 | Zot:5    | XOM: god gift: 21 gold pieces
 77019 | Zot:5    | Noticed a Killer Klown
 77019 | Zot:5    | Noticed a dread lich
 77019 | Zot:5    | Noticed a dread lich
 77019 | Zot:5    | Noticed a dread lich
 77019 | Zot:5    | XOM: 7-stop teleportation journey
 77022 | Zot:5    | Got the Orb of Zot
 77022 | Zot:5    | Mangled by an Orb Guardian
 77302 | D:15     | XOM: swap monsters
 77331 | D:14     | Noticed a seraph
 77482 | D:8      | XOM: chaos cloud
 77592 | D:$      | Escaped with the Orb!

Illustrated notes

Levels and vault maps discovered:
D:1:      minmay_arrival_up_and_down, layout_rooms,
          dreamdust_ecumenical_altar_drowned_temple, minmay_tetromino_o2
D:2:      layout_basic
D:3:      layout_loops_corners, mainiacjoe_overflow_alcove_1, serial_shops,
          shop, shop, nicolae_shop_tiny_waterfront, shop, shop
D:4:      layout_basic, uniq_crazy_yiuf_cottage
D:5:      layout_layer_cave, lemuel_coloured_pillars_altar,
          nicolae_qazlal_eye_of_the_storm, corexii_leaking_fountain,
          kennysheep_windowed_goal, uniq_duvessa, uniq_menkaure
D:6:      layout_basic, tgw_fedhas, mainiacjoe_overflow_tiny_flanked,
          lemuel_crystal_altar, minmay_temple_entry_statues_pillars,
          minmay_door_square
D:7:      nicolae_cairo_tiling, layout_gridville, fiery_altar_vehumet,
          serial_shops, nicolae_shop_gibbet_a_chance, kennysheep_mini,
          minmay_misc_feat_nine_boxes, nicolae_shop_overcharged_wands
D:8:      layout_basic, mainiacjoe_overflow_catwalk_spiral
D:9:      layout_loops_ring, beargit_hepliaklqana_dungeon_heroes
D:10:     layout_roguey, kennysheep_little_box, due_lair_maze_entry_diamond,
          uniq_fannar
D:11:     layout_long_grid, serial_shops, nicolae_shop_tiny_waterfront,
          minmay_misc_feat_five, doesnt_xom_only_xom
D:12:     layout_cave_pods
D:13:     layout_roguey, grunt_vaults_entry_tiered,
          nicolae_kite_square_tiling_tiny, drop_trap,
          fake_guardian_serpent_vault
D:14:     layout_roguey, hex_tiny, uniq_lodul, uniq_agnes, uniq_josephine,
          uniq_rupert
D:15:     grunt_enter_depths_hoard, layout_irregular_city, serial_shops, shop,
          minmay_misc_feat_tower
Lair:1:   layout_small_grid, beast_lair_carwin_9, serial_bayou_shore_a,
          serial_bayou_shore_b, lemuel_fruit_tree, serial_bayou_shore_b
Lair:2:   layout_layer_cave, shoals_dummy_entry, spider_nest_entry_web_field
Lair:3:   layout_cellular_growth, kennysheep_catoblepas_arena
Lair:4:   mu_elephants_graveyard, layout_small_grid, slime_entry_1
Lair:5:   hellmonk_lair_end_abyssal_woods, layout_long_grid
Shoals:1: layout_shoals, nicolae_shoals_water_shrine, uniq_donald
Shoals:2: layout_shoals, gammafunk_ghost_grave, nicolae_shoals_isolated_beach,
          uniq_nikola, uniq_polyphemus
Shoals:3: layout_shoals
Shoals:4: shoals_end_hellmonk_storm_palace [storm_palace_center_circular,
          storm_palace_corner_altar, storm_palace_corner_altar,
          storm_palace_corner_reverse_hut, storm_palace_corner_pillars]
Spider:1: layout_spider_delve, hellmonk_motheaten_closet
Spider:2: layout_chambers, uniq_aizul
Spider:3: layout_cave_pods
Spider:4: grunt_spider_rune_circles, uniq_arachne, uniq_kirke
Orc:1:    layout_caves
Orc:2:    st_orc_rangers, layout_diamond_mine, uniq_nessos
Elf:1:    nicolae_elf_arrival_aired_out, layout_gridlike,
          minmay_elf_crystal_heptagon
Elf:2:    nicolae_elf_blades_splatter_lattice
          [nicolae_blade_entry_hurt_lockers], layout_geoelf_octagon,
          nicolae_shop_self_help
Elf:3:    elf_hall_gauntlet_narrow, layout_geoelf_diagonals, serial_shops,
          bzr_entry_safe, basic_altar
Vaults:1: nicolae_vaults_sesquioval_fish, ontoclasm_vaults_hangar,
          nicolae_vaults_trapezoid_lopsided_1, v_misc_16,
          vaults_room_ringed_pool, vaults_room_large_hall,
          ontoclasm_vaults_chip, ontoclasm_vaults_chip, vaults_dpeg_spiral,
          hangedman_vaults_impose, nicolae_vaults_wrenched,
          nicolae_vaults_trapezoid_lopsided_3, nicolae_vaults_shrinking_rooms_1,
          ontoclasm_vaults_claustrophobia, ontoclasm_vaults_pinch,
          nicolae_vaults_little_squares_2, layout_vaults_maze_bifur, uniq_zenata
Vaults:2: ontoclasm_vaults_shuriken, nicolae_vaults_lightning_bolt, v_misc_11,
          nicolae_vaults_trapezoid_3, nicolae_vaults_storage_closets_2,
          vaults_mumra_chevron, nicolae_vaults_network_barrier, v_misc_14,
          vaults_dpeg_diagonal, vaults_mumra_lcd, v_misc_19,
          nicolae_vaults_storage_closets_3, v_misc_25, layout_vaults_ring,
          serial_shops, shop, uniq_xtahua
Vaults:3: nicolae_vaults_storage_room_statues, hangedman_vaults_nails,
          minmay_crypt_entry_nasty_monster, v_misc_8,
          nicolae_vaults_little_squares_1, vaults_dpeg_cross,
          vaults_dpeg_encased_lava, nicolae_vaults_trapezoid_lopsided_1,
          nicolae_vaults_security_offices_4, layout_vaults_omnigrid
Vaults:4: gammafunk_ghost_spectres, nicolae_vaults_offset_grid_hallway_1,
          nicolae_vaults_double_plus_1, nicolae_vaults_stairing_the_circle,
          vaults_room_pool, nicolae_vaults_mini_display_case,
          nicolae_vaults_tangram_1, nicolae_vaults_closet_pinwheel_1,
          nicolae_vaults_stand_back, layout_vaults_big_room, serial_shops,
          nicolae_shop_bloodbath_and_beyond
Vaults:5: uniq_sojobo, uniq_margery
Depths:1: layout_gridlike, skrybe_limestone_x, hellmouth_1, mu_enter_wizlab_1,
          hangedman_aviary, uniq_saint_roka
Depths:2: nicolae_cairo_tiling_very_big, layout_gridville, hell_entry,
          rand_demon_pan_entry_1, ebering_ghost_gozag,
          nicolae_twisty_statue_hallways, nicolae_shop_national_dungeon_mall,
          minmay_staircase_statues
Depths:3: minmay_distorted_concentric_squares, layout_basic, enter_ziggurat_c,
          serial_shops, nicolae_shop_crystal, nrook_pool_corridor, hell_entry,
          abyss_entry
Depths:4: grunt_twist_and_shout, layout_cave_pools, grunt_metal_band,
          grunt_pan_entry_spiral, grunt_gozag_breadcrumbs, gammafunk_ghost_ooze
Zot:1:    layout_gridlike, gammafunk_ghost_split, nicolae_rock_paper_scissors,
          grunt_megastairs_3
Zot:2:    layout_cathedral_of_symmetry, st_stairs_7, regret_index_zotdec_zees
Zot:3:    gammafunk_sealed_arena, layout_gridville,
          hangedman_zot_diagonal_lockstep, st_stairs_12,
          kennysheep_underground_church, uniq_vv, uniq_tiamat
Zot:4:    grunt_deathspiral_small, layout_onion_interference,
          lemuel_baited_zot_trap
Zot:5:    layout_basic, st_stairs_7, skrybe_zot_glass_2

Skill      XL: |  1  2  3  4  5  6  7  8  9 10 11 12 13 14 15 16 17 18 19 20 21 22 23 |
---------------+----------------------------------------------------------------------+-----
Stealth        | 2 3 5 8 10 14 | 14.9
Ice Magic      | 1 2 3 5 6 7 8 9 10 11 12 | 12.0
Spellcasting   | 1 2 3 5 9 10 11 13 14 | 14.9
Dodging        | 4 5 6 9 11 12 14 | 14.9
Conjurations   | 2 3 4 5 9 10 12 14 | 14.9
Evocations     | 3 4 6 8 9 10 13 14 | 14.9
Unarmed Combat | 4 6 7 8 9 10 11 12 14 | 14.9
Fighting       | 4 5 7 8 10 11 13 14 | 14.9
Transmutations | 4 10 11 | 11.0
Air Magic      | 3 5 |  5.0
Summonings     | 4 8 11 12 14 | 14.8
Translocations | 6 14 | 14.9
Hexes          | 11 14 | 14.9
Shapeshifting  | |  0.3

Action                     |  1- 3 |  4- 6 |  7- 9 | 10-12 | 13-15 | 16-18 | 19-21 | 22-24 || total
---------------------------+-------+-------+-------+-------+-------+-------+-------+-------++-------
  Melee: Unarmed           |   101 |   101 |    98 |   344 |  1154 |   568 |   908 |   851 ||  4125
         Bite              |     4 |    13 |    11 |    70 |   186 |    84 |   119 |   114 ||   601
         Punch             |     2 |     1 |     2 |    27 |   117 |    68 |    92 |    87 ||   396
         Headbutt          |       |       |       |    36 |   335 |   139 |    39 |       ||   549
   Cast: Freeze            |     6 |    39 |    43 |       |     7 |       |       |       ||    95
         Frozen Ramparts   |       |     8 |    17 |    38 |    62 |    26 |       |       ||   151
         Hailstorm         |       |     4 |    42 |    34 |   113 |   295 |   223 |     8 ||   719
         Ozocubu's Armour  |       |       |     1 |    34 |    96 |    92 |    35 |    46 ||   304
         Magic Dart        |       |       |       |       |     2 |     3 |       |       ||     5
         Irradiate         |       |       |       |       |       |    45 |    90 |    36 ||   171
         Freezing Cloud    |       |       |       |       |       |    74 |    46 |     3 ||   123
         Manifold Assault  |       |       |       |       |       |       |   174 |   232 ||   406
         Passwall          |       |       |       |       |       |       |     2 |    11 ||    13
         Vhi's Electric Ch |       |       |       |       |       |       |       |    16 ||    16
         Summon Mana Viper |       |       |       |       |       |       |       |     6 ||     6
  Evoke: Wand              |       |       |    11 |     3 |    17 |    45 |    13 |    20 ||   109
         Lightning rod     |       |       |       |       |       |     5 |       |     2 ||     7
         Sack of spiders   |       |       |       |       |       |       |     1 |     2 ||     3
    Use: Scroll            |     3 |     1 |    10 |     8 |    10 |     9 |     5 |    15 ||    61
         Potion            |       |     4 |     1 |       |       |     6 |     3 |     9 ||    23
   Stab: Sleeping          |     6 |     5 |       |     4 |    17 |    10 |    42 |    19 ||   103
         Paralysed         |       |       |     2 |       |     3 |     3 |     4 |     7 ||    19
         Confused          |       |       |       |     3 |     6 |     1 |    10 |     1 ||    21
         Petrifying        |       |       |       |     2 |       |       |       |       ||     2
         Distracted        |       |       |       |     1 |     4 |     2 |     3 |    12 ||    22
         Invisible         |       |       |       |       |     3 |     6 |       |       ||     9
         Petrified         |       |       |       |       |       |     1 |       |     1 ||     2
         Held in net/web   |       |       |       |       |       |       |       |     2 ||     2
 Armour: Skin              |    26 |    49 |    60 |    98 |   325 |   218 |   181 |   161 ||  1118
  Dodge: Dodged            |    48 |    96 |   171 |   324 |  1723 |   922 |   727 |   478 ||  4489
  Block: Other             |       |       |       |       |       |   106 |   272 |   119 ||   497
         Reflection        |       |       |       |       |       |     4 |    19 |     2 ||    25

Table legend: (Time is in decaauts)
 A = Elapsed time spent in this place.
 B = Non-inter-level travel time spent in this place.
 C = Inter-level travel time spent in this place.
 D = Time resting spent in this place.
 E = Time spent auto-exploring this place.
 F = Levels seen in this place.
 G = Mean time per level.
                   A        B        C        D        E       F      G
               +--------+--------+--------+--------+--------+-----+--------+
         Total |  70159 |  66098 |   4061 |  17302 |  35921 |  49 | 1431.8 |
       Dungeon |  18930 |  16724 |   2206 |   3594 |   9239 |  15 | 1262.0 |
          Lair |   7321 |   6949 |    372 |    640 |   4823 |   5 | 1464.2 |
        Shoals |   7353 |   7115 |    238 |   2104 |   3678 |   4 | 1838.2 |
   Spider Nest |   6233 |   6091 |    142 |   1048 |   4061 |   4 | 1558.2 |
  Orcish Mines |   2495 |   2336 |    159 |    442 |   1271 |   2 | 1247.5 |
   Elven Halls |   7859 |   7615 |    244 |   3398 |   3203 |   3 | 2619.7 |
        Vaults |  10961 |  10609 |    352 |   3409 |   5281 |   5 | 2192.2 |
        Depths |   7538 |   7217 |    321 |   2032 |   4114 |   4 | 1884.5 |
           Zot |   1279 |   1256 |     23 |    632 |     76 |   5 |  255.8 |
        Bazaar |    178 |    178 |      0 |      0 |    171 |   1 |  178.0 |
        Wizlab |      8 |      8 |      0 |      0 |      0 |   1 |    8.0 |
               +--------+--------+--------+--------+--------+-----+--------+

Top non-repeatable levels by time:
Vaults:5: 4975 daAuts
   Elf:3: 3586 daAuts
     D:4: 3041 daAuts
Shoals:4: 2534 daAuts
   Elf:2: 2465 daAuts
Shoals:1: 2444 daAuts
Depths:1: 2325 daAuts
Spider:4: 2053 daAuts
Spider:2: 2008 daAuts
Depths:2: 1979 daAuts
Vaults:3: 1889 daAuts
     D:6: 1853 daAuts
   Elf:1: 1808 daAuts
Depths:3: 1788 daAuts
     D:5: 1725 daAuts

Table legend:
 A = Kills in this place as a percentage of kills in the entire game.
 B = Kills by you in this place as a percentage of kills by you in the entire game.
 C = Kills by friends in this place as a percentage of kills by friends in the entire game.
 D = Other kills in this place as a percentage of other kills in the entire game.
 E = Experience gained in this place as a percentage of experience gained in the entire game.
 F = Experience gained in this place divided by the number of levels of this place that you have seen.
                   A       B       C       D       E      F
               +-------+-------+-------+-------+-------+----------------------
         Total | 100.0 | 100.0 | 100.0 | 100.0 | 100.0 | 19066.3
       Dungeon |  20.0 |  19.8 |  40.7 |   0.0 |   6.7 | 4151.7
          Lair |  10.9 |  10.8 |   3.7 |  55.6 |   6.4 | 11989.0
        Shoals |  11.0 |  10.6 |  37.0 |  11.1 |  11.0 | 25678.5
   Spider Nest |  11.6 |  11.8 |   0.0 |  11.1 |   9.4 | 21964.2
  Orcish Mines |   5.5 |   5.6 |   0.0 |   0.0 |   1.3 | 6302.0
   Elven Halls |   9.1 |   9.2 |   3.7 |   0.0 |  12.3 | 38268.0
        Vaults |  19.4 |  19.5 |   7.4 |  22.2 |  30.3 | 56660.6
        Depths |  10.1 |  10.2 |   3.7 |   0.0 |  17.1 | 40004.8
           Zot |   2.4 |   2.4 |   3.7 |   0.0 |   5.4 | 10145.6
               +-------+-------+-------+-------+-------+----------------------
